Workbook

Sheet Расчет дотаций
B1: Распределение дотаций местным бюджетам на поддержку мер по обеспечению сбалансированности местных бюджетов
A2: За 2023 год
A3: Наименование муниципального образования | B3: Отсутствие просроченной кредиторской задолженности бюджета городского округа, консолидированного бюджета городского округа с внутригородским делением, консолидированного бюджета муниципального района по состоянию на конец отчетного периода | D3: Объем алкогольной продукции, зафиксированный в единой государственной автоматизированной информационной системе (дкл.) | H3: Эффективность вовлечения объектов недвижимости в налоговый оборот (%) | L3: Общая площадь введенного в эксплуатацию жилья с учетом индивидуального жилищного строительства (кв.м.) | P3: Валовой сбор зерна в весе после доработки (тыс. тонн) | T3: Производство молока во всех категориях хозяйств (тонн) | X3: Производство скота и птицы на убой (в живом весе) во всех категориях хозяйств (тонн) | AB3: Численность занятых в сфере малого и среднего предпринимательства (чел.) | AF3: Сводная оценка выполнения социально-экономических показателей | AG3: Годовое значение, тыс. рублей | AH3: Распределение за отчетный период, тыс. рублей | AI3: Отклонение от планируемого распределения, тыс. рублей | AJ3: Удержание дотаций в 2023 году в связи с исполнением показателей за 2022 год, тыс. рублей | AK3: Сумма не подлежащая перечислению при подведении итогов за 2023 год за превышение предельных значений уровня муниципального долга, установленных абзацами с восьмого по одиннадцатый п.5 Правил и условий предоставления дотаций | AL3: Распределение за отчетный период с учетом удержания и сумм, неподлежащих перечислению, тыс. рублей | AM3: Ранее предоставленные дотации в 2023 году, тыс. рублей | AZ3: Распределение дотаций за вычетом предоставленных дотаций за январь-ноябрь, тыс. рублей | BA3: Соблюдение условий предоставления дотаций*: | BE3: Распределение (+) / Взыскание (-) за отчётный период с учетом выполнения условий предоставления стимулирующих дотаций, тыс. рублей
BA4: Соблюдение норматива формирования расходов на содержание органов местного самоуправления | BB4: непривлечение кредитов кредитных организаций в декабре 2023 года | BD4: неувеличение объема муниципального долга в части кредитов кредитных организаций в декабре 2023 года (не применяется если объем долга на 01.01.2024 не превышает его объем по состоянию на начало 2023 года)
AM5: за январь | AN5: досрочное перечисление (распоряжение МУФ СО от 16.02.2023 № 01-08/14) | AO5: за февраль | AP5: досрочное перечисление (распоряжение МУФ СО от 04.04.2023 № 01-08/21) | AQ5: за март | AR5: за апрель | AS5: за май | AT5: за июнь | AU5: за июль | AV5: за август | AW5: за сентябрь | AX5: за октябрь | AY5: за ноябрь | BB5: МО у которых доля дотаций на выравнивание бюджетной обеспеченности в доходах бюджета (без учета субвенций) за 2022 год > 15 % | BC5: МО, муниципальный долг которых на 01.01.2024 > 90% от утвержденного общего годового объема доходов без учета утвержденного объема безвозмездных поступлений
B7: Исполнение | C7: Вес | D7: Прогнозное значение | E7: Фактически сложившийся уровень | F7: Исполнение с уч. корректир. макс. перевыполнения | G7: Вес | H7: Прогнозное значение | I7: Фактически сложившийся уровень | J7: Исполнение с уч. корректир. макс. перевыполнения | K7: Вес | L7: Прогнозное значение | M7: Фактически сложившийся уровень | N7: Исполнение с уч. корректир. макс. перевыполнения | O7: Вес | P7: Прогнозное значение | Q7: Фактически сложившийся уровень | R7: Исполнение с уч. корректир. макс. перевыполнения | S7: Вес | T7: Прогнозное значение | U7: Фактически сложившийся уровень | V7: Исполнение с уч. корректир. макс. перевыполнения | W7: Вес | X7: Прогнозное значение | Y7: Фактически сложившийся уровень | Z7: Исполнение с уч. корректир. макс. перевыполнения | AA7: Вес | AB7: Прогнозное значение | AC7: Фактически сложившийся уровень | AD7: Исполнение с уч. корректир. макс. перевыполнения | AE7: Вес
A8: 1 | B8: 2 | C8: 3 | D8: 4 | E8: 5 | F8: 6=5/4 | G8: 7 | H8: 8 | I8: 9 | J8: 10=9/8 | K8: 11 | L8: 12 | M8: 13 | N8: 14=13/12 | O8: 15 | P8: 16 | Q8: 17 | R8: 18=17/16 | S8: 19 | T8: 20 | U8: 21 | V8: 22=21/20 | W8: 23 | X8: 24 | Y8: 25 | Z8: 26=25/24 | AA8: 27 | AB8: 28 | AC8: 29 | AD8: 30=29/28 | AE8: 31 | AF8: 32 | AG8: 33 | AH8: 34=32*33 | AI8: 35=34-33 | AJ8: 36 | AK8: 37 | AL8: 38=34-36-37 | AM8: 39 | AN8: 40 | AO8: 41 | AP8: 42 | AQ8: 43 | AR8: 44 | AS8: 45 | AT8: 46 | AU8: 47 | AV8: 48 | AW8: 49 | AX8: 50 | AY8: 51 | AZ8: 52=38-(39+…+51) | BA8: 53 | BB8: 54 | BC8: 55 | BD8: 56 | BE8: 57
A9: Городские округа (городской округ с внутригородским делением) | D9: =SUM(D10:D19) -> 1810061 | E9: =SUM(E10:E19) -> 1796117.2 | F9: =IF(E9/D9>1.2,IF((E9/D9-1.2)*0.1+1.2>1.3,1.3,(E9/D9-1.2)*0.1+1.2),E9/D9) -> 0.99229651 | L9: =SUM(L10:L19) -> 1333195 | M9: =SUM(M10:M19) -> 974118 | N9: =IF(M9/L9>1.2,IF((M9/L9-1.2)*0.1+1.2>1.3,1.3,(M9/L9-1.2)*0.1+1.2),M9/L9) -> 0.73066431 | AB9: =SUM(AB10:AB19) -> 581333 | AC9: =SUM(AC10:AC19) -> 602859 | AD9: =IF(AC9/AB9>1.2,IF((AC9/AB9-1.2)*0.1+1.2>1.3,1.3,(AC9/AB9-1.2)*0.1+1.2),AC9/AB9) -> 1.0370287 | AG9: =SUM(AG10:AG19) -> 1862062 | AH9: =SUM(AH10:AH19) -> 1790109.3 | AI9: =SUM(AI10:AI19) -> -71952.7 | AJ9: =SUM(AJ10:AJ19) -> 75400 | AK9: =SUM(AK10:AK19) -> 3026.6 | AL9: =SUM(AL10:AL19) -> 1711682.7 | AM9: =SUM(AM10:AM19) -> 143262.1 | AN9: =SUM(AN10:AN19) -> 202244.4 | ... AZ9: =SUM(AZ10:AZ19) -> -60203 | BE9: =SUM(BE10:BE19) -> -60203 | BF9: =SUMIF(BE10:BE47,">0",BE10:BE47) -> 16859.8
A10: Самара | B10: 1 | C10: 10 | D10: 956120 | E10: 934723.46 | F10: =IF(G10=0,0,IF(D10=0,1,IF(E10<0,0,IF(E10/D10>1.2,IF((E10/D10-1.2)*0.1+1.2>1.3,1.3,(E10/D10-1.2)*0.1+1.2),E10/D10)))) -> 0.97762149 | G10: 15 | H10: 160 | I10: 174 | J10: =IF(K10=0,0,IF(H10=0,1,IF(I10<0,0,IF(I10/H10>1.2,IF((I10/H10-1.2)*0.1+1.2>1.3,1.3,(I10/H10-1.2)*0.1+1.2),I10/H10)))) -> 1.0875 | K10: 20 | L10: 902209 | M10: 673300 | N10: =IF(O10=0,0,IF(L10=0,1,IF(M10<0,0,IF(M10/L10>1.2,IF((M10/L10-1.2)*0.1+1.2>1.3,1.3,(M10/L10-1.2)*0.1+1.2),M10/L10)))) -> 0.74627941 | O10: 15 | P10: Х | Q10: Х | R10: Х | S10: Х | T10: Х | U10: Х | V10: Х | W10: Х | X10: Х | Y10: Х | Z10: Х | AA10: Х | AB10: 356585 | AC10: 359011 | AD10: =IF(AE10=0,0,IF(AB10=0,1,IF(AC10<0,0,IF(AC10/AB10>1.2,IF((AC10/AB10-1.2)*0.1+1.2>1.3,1.3,(AC10/AB10-1.2)*0.1+1.2),AC10/AB10)))) -> 1.0068034 | AE10: 17 | AF10: =(B10*C10+F10*G10+J10*K10+N10*O10+AD10*AE10)/(C10+G10+K10+O10+AE10) -> 0.97044379 | AG10: 465354 | AH10: =ROUND(AF10*AG10,1) -> 451599.9 | AI10: =AH10-AG10 -> -13754.1 | AJ10: 14192.1 | AL10: =AH10-AJ10-AK10 -> 437407.8 | AM10: 36922.9 | AN10: 81230.4 | AO10: 0 | AQ10: 0 | AR10: 24580.1 | AS10: 30006.5 | AT10: 0 | AU10: 63543.3 | AV10: 35782.2 | AW10: 37363.1 | AX10: 47991.4 | AY10: 94457.2 | AZ10: =ROUND(AL10-SUM(AM10:AY10),1) -> -14469.3 | BE10: =IF(AND(AZ10>0,OR(BA10="+",BB10="+",BC10="+",BD10="+")),0,AZ10) -> -14469.3 | BF10: =SUMIF(BE10:BE47,"<0",BE10:BE47)-BE20 -> -93254.9
A11: Тольятти | B11: 1 | C11: 10 | D11: 435642 | E11: 434988.05 | F11: =IF(G11=0,0,IF(D11=0,1,IF(E11<0,0,IF(E11/D11>1.2,IF((E11/D11-1.2)*0.1+1.2>1.3,1.3,(E11/D11-1.2)*0.1+1.2),E11/D11)))) -> 0.99849888 | G11: 15 | H11: 190 | I11: 190 | J11: =IF(K11=0,0,IF(H11=0,1,IF(I11<0,0,IF(I11/H11>1.2,IF((I11/H11-1.2)*0.1+1.2>1.3,1.3,(I11/H11-1.2)*0.1+1.2),I11/H11)))) -> 1 | K11: 20 | L11: 204481 | M11: 107454 | N11: =IF(O11=0,0,IF(L11=0,1,IF(M11<0,0,IF(M11/L11>1.2,IF((M11/L11-1.2)*0.1+1.2>1.3,1.3,(M11/L11-1.2)*0.1+1.2),M11/L11)))) -> 0.52549626 | O11: 15 | P11: Х | Q11: Х | R11: Х | S11: Х | T11: Х | U11: Х | V11: Х | W11: Х | X11: Х | Y11: Х | Z11: Х | AA11: Х | AB11: 153912 | AC11: 165200 | AD11: =IF(AE11=0,0,IF(AB11=0,1,IF(AC11<0,0,IF(AC11/AB11>1.2,IF((AC11/AB11-1.2)*0.1+1.2>1.3,1.3,(AC11/AB11-1.2)*0.1+1.2),AC11/AB11)))) -> 1.0733406 | AE11: 17 | AF11: =(B11*C11+F11*G11+J11*K11+N11*O11+AD11*AE11)/(C11+G11+K11+O11+AE11) -> 0.92346386 | AG11: 702070 | AH11: =ROUND(AF11*AG11,1) -> 648336.3 | AI11: =AH11-AG11 -> -53733.7 | AJ11: 33603.7 | AL11: =AH11-AJ11-AK11 -> 614732.6 | AM11: 51642.7 | AN11: 113614 | AO11: 0 | AQ11: 317.8 | AR11: 82048.6 | AS11: 48464.2 | AT11: 44969.7 | AU11: 9681.1 | AV11: 54906 | AW11: 55620.1 | AX11: 63648.2 | AY11: 117765.7 | AZ11: =ROUND(AL11-SUM(AM11:AY11),1) -> -27945.5 | BE11: =IF(AND(AZ11>0,OR(BA11="+",BB11="+",BC11="+",BD11="+")),0,AZ11) -> -27945.5
A12: Сызрань | B12: 1 | C12: 10 | D12: 132193 | E12: 133817.05 | F12: =IF(G12=0,0,IF(D12=0,1,IF(E12<0,0,IF(E12/D12>1.2,IF((E12/D12-1.2)*0.1+1.2>1.3,1.3,(E12/D12-1.2)*0.1+1.2),E12/D12)))) -> 1.0122855 | G12: 15 | H12: 190 | I12: 184 | J12: =IF(K12=0,0,IF(H12=0,1,IF(I12<0,0,IF(I12/H12>1.2,IF((I12/H12-1.2)*0.1+1.2>1.3,1.3,(I12/H12-1.2)*0.1+1.2),I12/H12)))) -> 0.96842105 | K12: 20 | L12: 53043 | M12: 38185 | N12: =IF(O12=0,0,IF(L12=0,1,IF(M12<0,0,IF(M12/L12>1.2,IF((M12/L12-1.2)*0.1+1.2>1.3,1.3,(M12/L12-1.2)*0.1+1.2),M12/L12)))) -> 0.71988764 | O12: 15 | P12: Х | Q12: Х | R12: Х | S12: Х | T12: Х | U12: Х | V12: Х | W12: Х | X12: Х | Y12: Х | Z12: Х | AA12: Х | AB12: 22681 | AC12: 24434 | AD12: =IF(AE12=0,0,IF(AB12=0,1,IF(AC12<0,0,IF(AC12/AB12>1.2,IF((AC12/AB12-1.2)*0.1+1.2>1.3,1.3,(AC12/AB12-1.2)*0.1+1.2),AC12/AB12)))) -> 1.0772894 | AE12: 17 | AF12: =(B12*C12+F12*G12+J12*K12+N12*O12+AD12*AE12)/(C12+G12+K12+O12+AE12) -> 0.95668749 | AG12: 187333 | AH12: =ROUND(AF12*AG12,1) -> 179219.1 | AI12: =AH12-AG12 -> -8113.9 | AJ12: 8438.9 | AL12: =AH12-AJ12-AK12 -> 170780.2 | AM12: 15744.1 | AO12: 15744.1 | AQ12: 14658.1 | AR12: 22368.9 | AS12: 13753.2 | AT12: 13874.8 | AU12: 6085.5 | AV12: 15809.7 | AW12: 15809.7 | AX12: 14156.6 | AY12: 29702.7 | AZ12: =ROUND(AL12-SUM(AM12:AY12),1) -> -6927.2 | BE12: =IF(AND(AZ12>0,OR(BA12="+",BB12="+",BC12="+",BD12="+")),0,AZ12) -> -6927.2
A13: Новокуйбышевск | B13: 1 | C13: 10 | D13: 80876 | E13: 80934.2 | F13: =IF(G13=0,0,IF(D13=0,1,IF(E13<0,0,IF(E13/D13>1.2,IF((E13/D13-1.2)*0.1+1.2>1.3,1.3,(E13/D13-1.2)*0.1+1.2),E13/D13)))) -> 1.0007196 | G13: 15 | H13: 190 | I13: 190 | J13: =IF(K13=0,0,IF(H13=0,1,IF(I13<0,0,IF(I13/H13>1.2,IF((I13/H13-1.2)*0.1+1.2>1.3,1.3,(I13/H13-1.2)*0.1+1.2),I13/H13)))) -> 1 | K13: 20 | L13: 35549 | M13: 23577 | N13: =IF(O13=0,0,IF(L13=0,1,IF(M13<0,0,IF(M13/L13>1.2,IF((M13/L13-1.2)*0.1+1.2>1.3,1.3,(M13/L13-1.2)*0.1+1.2),M13/L13)))) -> 0.66322541 | O13: 15 | P13: Х | Q13: Х | R13: Х | S13: Х | T13: Х | U13: Х | V13: Х | W13: Х | X13: Х | Y13: Х | Z13: Х | AA13: Х | AB13: 14508 | AC13: 15316 | AD13: =IF(AE13=0,0,IF(AB13=0,1,IF(AC13<0,0,IF(AC13/AB13>1.2,IF((AC13/AB13-1.2)*0.1+1.2>1.3,1.3,(AC13/AB13-1.2)*0.1+1.2),AC13/AB13)))) -> 1.0556934 | AE13: 17 | AF13: =(B13*C13+F13*G13+J13*K13+N13*O13+AD13*AE13)/(C13+G13+K13+O13+AE13) -> 0.94683069 | AG13: 99555 | AH13: =ROUND(AF13*AG13,1) -> 94261.7 | AI13: =AH13-AG13 -> -5293.3 | AJ13: 2139.3 | AL13: =AH13-AJ13-AK13 -> 92122.4 | AM13: 7847.2 | AO13: 7847.2 | AQ13: 8275.2 | AR13: 10518.5 | AS13: 7766.4 | AT13: 7763.6 | AU13: 6355.3 | AV13: 8358.9 | AW13: 8359 | AY13: 23584.8 | AZ13: =ROUND(AL13-SUM(AM13:AY13),1) -> -4553.7 | BD13: + | BE13: =IF(AND(AZ13>0,OR(BA13="+",BB13="+",BC13="+",BD13="+")),0,AZ13) -> -4553.7
A14: Чапаевск | B14: 1 | C14: 10 | D14: 42551 | E14: 45619.165 | F14: =IF(G14=0,0,IF(D14=0,1,IF(E14<0,0,IF(E14/D14>1.2,IF((E14/D14-1.2)*0.1+1.2>1.3,1.3,(E14/D14-1.2)*0.1+1.2),E14/D14)))) -> 1.0721056 | G14: 15 | H14: 162 | I14: 158 | J14: =IF(K14=0,0,IF(H14=0,1,IF(I14<0,0,IF(I14/H14>1.2,IF((I14/H14-1.2)*0.1+1.2>1.3,1.3,(I14/H14-1.2)*0.1+1.2),I14/H14)))) -> 0.97530864 | K14: 20 | L14: 17682 | M14: 29850 | N14: =IF(O14=0,0,IF(L14=0,1,IF(M14<0,0,IF(M14/L14>1.2,IF((M14/L14-1.2)*0.1+1.2>1.3,1.3,(M14/L14-1.2)*0.1+1.2),M14/L14)))) -> 1.2488157 | O14: 15 | P14: Х | Q14: Х | R14: Х | S14: Х | T14: Х | U14: Х | V14: Х | W14: Х | X14: Х | Y14: Х | Z14: Х | AA14: Х | AB14: 6442 | AC14: 8263 | AD14: =IF(AE14=0,0,IF(AB14=0,1,IF(AC14<0,0,IF(AC14/AB14>1.2,IF((AC14/AB14-1.2)*0.1+1.2>1.3,1.3,(AC14/AB14-1.2)*0.1+1.2),AC14/AB14)))) -> 1.2082676 | AE14: 17 | AF14: =(B14*C14+F14*G14+J14*K14+N14*O14+AD14*AE14)/(C14+G14+K14+O14+AE14) -> 1.102085 | AG14: 82801 | AH14: =ROUND(AF14*AG14,1) -> 91253.7 | AI14: =AH14-AG14 -> 8452.7 | AJ14: 0 | AL14: =AH14-AJ14-AK14 -> 91253.7 | AM14: 7160.5 | AO14: 7160.6 | AQ14: 7249.8 | AR14: 7625.9 | AS14: 7299.2 | AT14: 7370 | AU14: 6651.5 | AV14: 7216.8 | AW14: 7216.8 | AX14: 9608.9 | AY14: 11657.4 | AZ14: =ROUND(AL14-SUM(AM14:AY14),1) -> 5036.3 | BE14: =IF(AND(AZ14>0,OR(BA14="+",BB14="+",BC14="+",BD14="+")),0,AZ14) -> 5036.3
A15: Отрадный | B15: 1 | C15: 10 | D15: 39816 | E15: 40111.94 | F15: =IF(G15=0,0,IF(D15=0,1,IF(E15<0,0,IF(E15/D15>1.2,IF((E15/D15-1.2)*0.1+1.2>1.3,1.3,(E15/D15-1.2)*0.1+1.2),E15/D15)))) -> 1.0074327 | G15: 15 | H15: 160 | I15: 180 | J15: =IF(K15=0,0,IF(H15=0,1,IF(I15<0,0,IF(I15/H15>1.2,IF((I15/H15-1.2)*0.1+1.2>1.3,1.3,(I15/H15-1.2)*0.1+1.2),I15/H15)))) -> 1.125 | K15: 20 | L15: 13751 | M15: 10453 | N15: =IF(O15=0,0,IF(L15=0,1,IF(M15<0,0,IF(M15/L15>1.2,IF((M15/L15-1.2)*0.1+1.2>1.3,1.3,(M15/L15-1.2)*0.1+1.2),M15/L15)))) -> 0.7601629 | O15: 15 | P15: Х | Q15: Х | R15: Х | S15: Х | T15: Х | U15: Х | V15: Х | W15: Х | X15: Х | Y15: Х | Z15: Х | AA15: Х | AB15: 5724 | AC15: 5836 | AD15: =IF(AE15=0,0,IF(AB15=0,1,IF(AC15<0,0,IF(AC15/AB15>1.2,IF((AC15/AB15-1.2)*0.1+1.2>1.3,1.3,(AC15/AB15-1.2)*0.1+1.2),AC15/AB15)))) -> 1.0195667 | AE15: 17 | AF15: =(B15*C15+F15*G15+J15*K15+N15*O15+AD15*AE15)/(C15+G15+K15+O15+AE15) -> 0.99151387 | AG15: 49122 | AH15: =ROUND(AF15*AG15,1) -> 48705.1 | AI15: =AH15-AG15 -> -416.9 | AJ15: 2665.3 | AL15: =AH15-AJ15-AK15 -> 46039.8 | AM15: 4128.7 | AO15: 4162.2 | AQ15: 3928.3 | AR15: 3893.2 | AS15: 2962 | AT15: 2908.1 | AU15: 2183.5 | AV15: 3833 | AW15: 3833.1 | AX15: 6842 | AY15: 7646.2 | AZ15: =ROUND(AL15-SUM(AM15:AY15),1) -> -280.5 | BE15: =IF(AND(AZ15>0,OR(BA15="+",BB15="+",BC15="+",BD15="+")),0,AZ15) -> -280.5
A16: Жигулевск | B16: 1 | C16: 10 | D16: 41256 | E16: 41661.222 | F16: =IF(G16=0,0,IF(D16=0,1,IF(E16<0,0,IF(E16/D16>1.2,IF((E16/D16-1.2)*0.1+1.2>1.3,1.3,(E16/D16-1.2)*0.1+1.2),E16/D16)))) -> 1.0098221 | G16: 15 | H16: 190 | I16: 179 | J16: =IF(K16=0,0,IF(H16=0,1,IF(I16<0,0,IF(I16/H16>1.2,IF((I16/H16-1.2)*0.1+1.2>1.3,1.3,(I16/H16-1.2)*0.1+1.2),I16/H16)))) -> 0.94210526 | K16: 20 | L16: 17200 | M16: 13028 | N16: =IF(O16=0,0,IF(L16=0,1,IF(M16<0,0,IF(M16/L16>1.2,IF((M16/L16-1.2)*0.1+1.2>1.3,1.3,(M16/L16-1.2)*0.1+1.2),M16/L16)))) -> 0.75744186 | O16: 15 | P16: Х | Q16: Х | R16: Х | S16: Х | T16: Х | U16: Х | V16: Х | W16: Х | X16: Х | Y16: Х | Z16: Х | AA16: Х | AB16: 7263 | AC16: 8885 | AD16: =IF(AE16=0,0,IF(AB16=0,1,IF(AC16<0,0,IF(AC16/AB16>1.2,IF((AC16/AB16-1.2)*0.1+1.2>1.3,1.3,(AC16/AB16-1.2)*0.1+1.2),AC16/AB16)))) -> 1.2023324 | AE16: 17 | AF16: =(B16*C16+F16*G16+J16*K16+N16*O16+AD16*AE16)/(C16+G16+K16+O16+AE16) -> 0.98429501 | AG16: 87800 | AH16: =ROUND(AF16*AG16,1) -> 86421.1 | AI16: =AH16-AG16 -> -1378.9 | AJ16: 2263.7 | AL16: =AH16-AJ16-AK16 -> 84157.4 | AM16: 5992.3 | AO16: 5992.2 | AQ16: 5312.8 | AR16: 8559.2 | AS16: 5558.6 | AT16: 5673.7 | AU16: 953.1 | AV16: 5758 | AW16: 5757.9 | AX16: 23021.5 | AY16: 11345.1 | AZ16: =ROUND(AL16-SUM(AM16:AY16),1) -> 233 | BE16: =IF(AND(AZ16>0,OR(BA16="+",BB16="+",BC16="+",BD16="+")),0,AZ16) -> 233
A17: Октябрьск | B17: 1 | C17: 10 | D17: 14340 | E17: 14969.75 | F17: =IF(G17=0,0,IF(D17=0,1,IF(E17<0,0,IF(E17/D17>1.2,IF((E17/D17-1.2)*0.1+1.2>1.3,1.3,(E17/D17-1.2)*0.1+1.2),E17/D17)))) -> 1.0439156 | G17: 15 | H17: 190 | I17: 182 | J17: =IF(K17=0,0,IF(H17=0,1,IF(I17<0,0,IF(I17/H17>1.2,IF((I17/H17-1.2)*0.1+1.2>1.3,1.3,(I17/H17-1.2)*0.1+1.2),I17/H17)))) -> 0.95789474 | K17: 20 | L17: 8521 | M17: 7265 | N17: =IF(O17=0,0,IF(L17=0,1,IF(M17<0,0,IF(M17/L17>1.2,IF((M17/L17-1.2)*0.1+1.2>1.3,1.3,(M17/L17-1.2)*0.1+1.2),M17/L17)))) -> 0.85259946 | O17: 15 | P17: Х | Q17: Х | R17: Х | S17: Х | T17: Х | U17: Х | V17: Х | W17: Х | X17: Х | Y17: Х | Z17: Х | AA17: Х | AB17: 1854 | AC17: 2567 | AD17: =IF(AE17=0,0,IF(AB17=0,1,IF(AC17<0,0,IF(AC17/AB17>1.2,IF((AC17/AB17-1.2)*0.1+1.2>1.3,1.3,(AC17/AB17-1.2)*0.1+1.2),AC17/AB17)))) -> 1.2184574 | AE17: 17 | AF17: =(B17*C17+F17*G17+J17*K17+N17*O17+AD17*AE17)/(C17+G17+K17+O17+AE17) -> 1.017135 | AG17: 58145 | AH17: =ROUND(AF17*AG17,1) -> 59141.3 | AI17: =AH17-AG17 -> 996.3 | AJ17: 1754.4 | AK17: 3026.6 | AL17: =AH17-AJ17-AK17 -> 54360.3 | AM17: 4284.5 | AO17: 4284.4 | AQ17: 3901.4 | AR17: 4372.7 | AS17: 3509 | AT17: 3820.3 | AU17: 4666.6 | AV17: 4370.4 | AW17: 4370.6 | AX17: 13776.4 | AY17: 8347.8 | AZ17: =ROUND(AL17-SUM(AM17:AY17),1) -> -5343.8 | BE17: =IF(AND(AZ17>0,OR(BA17="+",BB17="+",BC17="+",BD17="+")),0,AZ17) -> -5343.8
A18: Кинель | B18: 1 | C18: 10 | D18: 47421 | E18: 49131.579 | F18: =IF(G18=0,0,IF(D18=0,1,IF(E18<0,0,IF(E18/D18>1.2,IF((E18/D18-1.2)*0.1+1.2>1.3,1.3,(E18/D18-1.2)*0.1+1.2),E18/D18)))) -> 1.0360722 | G18: 15 | H18: 160 | I18: 176 | J18: =IF(K18=0,0,IF(H18=0,1,IF(I18<0,0,IF(I18/H18>1.2,IF((I18/H18-1.2)*0.1+1.2>1.3,1.3,(I18/H18-1.2)*0.1+1.2),I18/H18)))) -> 1.1 | K18: 20 | L18: 69065 | M18: 64415 | N18: =IF(O18=0,0,IF(L18=0,1,IF(M18<0,0,IF(M18/L18>1.2,IF((M18/L18-1.2)*0.1+1.2>1.3,1.3,(M18/L18-1.2)*0.1+1.2),M18/L18)))) -> 0.93267212 | O18: 15 | P18: Х | Q18: Х | R18: Х | S18: Х | T18: Х | U18: Х | V18: Х | W18: Х | X18: Х | Y18: Х | Z18: Х | AA18: Х | AB18: 9525 | AC18: 10242 | AD18: =IF(AE18=0,0,IF(AB18=0,1,IF(AC18<0,0,IF(AC18/AB18>1.2,IF((AC18/AB18-1.2)*0.1+1.2>1.3,1.3,(AC18/AB18-1.2)*0.1+1.2),AC18/AB18)))) -> 1.0752756 | AE18: 17 | AF18: =(B18*C18+F18*G18+J18*K18+N18*O18+AD18*AE18)/(C18+G18+K18+O18+AE18) -> 1.0365045 | AG18: 77383 | AH18: =ROUND(AF18*AG18,1) -> 80207.8 | AI18: =AH18-AG18 -> 2824.8 | AJ18: 4075.8 | AL18: =AH18-AJ18-AK18 -> 76132 | AM18: 6137.1 | AO18: 6137.1 | AQ18: 5165.5 | AR18: 3991.2 | AS18: 3727.5 | AT18: 4341.3 | AU18: 9863.7 | AV18: 6205.7 | AW18: 6205.6 | AX18: 15723.4 | AY18: 10650 | AZ18: =ROUND(AL18-SUM(AM18:AY18),1) -> -2016.1 | BE18: =IF(AND(AZ18>0,OR(BA18="+",BB18="+",BC18="+",BD18="+")),0,AZ18) -> -2016.1
A19: Похвистнево | B19: 1 | C19: 10 | D19: 19846 | E19: 20160.801 | F19: =IF(G19=0,0,IF(D19=0,1,IF(E19<0,0,IF(E19/D19>1.2,IF((E19/D19-1.2)*0.1+1.2>1.3,1.3,(E19/D19-1.2)*0.1+1.2),E19/D19)))) -> 1.0158622 | G19: 15 | H19: 160 | I19: 179.7 | J19: =IF(K19=0,0,IF(H19=0,1,IF(I19<0,0,IF(I19/H19>1.2,IF((I19/H19-1.2)*0.1+1.2>1.3,1.3,(I19/H19-1.2)*0.1+1.2),I19/H19)))) -> 1.123125 | K19: 20 | L19: 11694 | M19: 6591 | N19: =IF(O19=0,0,IF(L19=0,1,IF(M19<0,0,IF(M19/L19>1.2,IF((M19/L19-1.2)*0.1+1.2>1.3,1.3,(M19/L19-1.2)*0.1+1.2),M19/L19)))) -> 0.56362237 | O19: 15 | P19: Х | Q19: Х | R19: Х | S19: Х | T19: Х | U19: Х | V19: Х | W19: Х | X19: Х | Y19: Х | Z19: Х | AA19: Х | AB19: 2839 | AC19: 3105 | AD19: =IF(AE19=0,0,IF(AB19=0,1,IF(AC19<0,0,IF(AC19/AB19>1.2,IF((AC19/AB19-1.2)*0.1+1.2>1.3,1.3,(AC19/AB19-1.2)*0.1+1.2),AC19/AB19)))) -> 1.093695 | AE19: 17 | AF19: =(B19*C19+F19*G19+J19*K19+N19*O19+AD19*AE19)/(C19+G19+K19+O19+AE19) -> 0.97074783 | AG19: 52499 | AH19: =ROUND(AF19*AG19,1) -> 50963.3 | AI19: =AH19-AG19 -> -1535.7 | AJ19: 6266.8 | AL19: =AH19-AJ19-AK19 -> 44696.5 | AM19: 3402.1 | AN19: 7400 | AO19: 0 | AQ19: 0 | AR19: 0 | AS19: 4632.7 | AT19: 1191.8 | AU19: 1955.4 | AV19: 3549.8 | AW19: 3549.9 | AX19: 15802.1 | AY19: 7148.9 | AZ19: =ROUND(AL19-SUM(AM19:AY19),1) -> -3936.2 | BE19: =IF(AND(AZ19>0,OR(BA19="+",BB19="+",BC19="+",BD19="+")),0,AZ19) -> -3936.2
A20: Муниципальные районы | D20: =SUM(D21:D47) -> 376016 | E20: =SUM(E21:E47) -> 412963.53 | F20: =IF(E20/D20>1.2,IF((E20/D20-1.2)*0.1+1.2>1.3,1.3,(E20/D20-1.2)*0.1+1.2),E20/D20) -> 1.0982605 | L20: =SUM(L21:L47) -> 897464 | M20: =SUM(M21:M47) -> 964067 | N20: =IF(M20/L20>1.2,IF((M20/L20-1.2)*0.1+1.2>1.3,1.3,(M20/L20-1.2)*0.1+1.2),M20/L20) -> 1.0742124 | P20: =SUM(P21:P47) -> 2391.4 | Q20: =SUM(Q21:Q47) -> 2753 | R20: =IF(Q20/P20>1.2,IF((Q20/P20-1.2)*0.1+1.2>1.3,1.3,(Q20/P20-1.2)*0.1+1.2),Q20/P20) -> 1.1512085 | T20: =SUM(T21:T47) -> 456807.4 | U20: =SUM(U21:U47) -> 455195.62 | V20: =IF(U20/T20>1.2,IF((U20/T20-1.2)*0.1+1.2>1.3,1.3,(U20/T20-1.2)*0.1+1.2),U20/T20) -> 0.99647164 | X20: =SUM(X21:X47) -> 135776.9 | Y20: =SUM(Y21:Y47) -> 141712.61 | Z20: =IF(Y20/X20>1.2,IF((Y20/X20-1.2)*0.1+1.2>1.3,1.3,(Y20/X20-1.2)*0.1+1.2),Y20/X20) -> 1.0437166 | AB20: =SUM(AB21:AB47) -> 97139 | AC20: =SUM(AC21:AC47) -> 116105 | AD20: =IF(AC20/AB20>1.2,IF((AC20/AB20-1.2)*0.1+1.2>1.3,1.3,(AC20/AB20-1.2)*0.1+1.2),AC20/AB20) -> 1.195246 | AG20: =SUM(AG21:AG47) -> 1417873 | AH20: =SUM(AH21:AH47) -> 1463733.4 | AI20: =SUM(AI21:AI47) -> 45860.4 | AJ20: =SUM(AJ21:AJ47) -> 54048.4 | AK20: =SUM(AK21:AK47) -> 0 | AL20: =SUM(AL21:AL47) -> 1409685 | AM20: =SUM(AM21:AM47) -> 110482.4 | AN20: =SUM(AN21:AN47) -> 11376.8 | ... AZ20: =SUM(AZ21:AZ47) -> -16192.1 | BE20: =SUM(BE21:BE47) -> -16192.1
A21: Алексеевский | B21: 1 | C21: 10 | D21: 3024 | E21: 3370.716 | F21: =IF(G21=0,0,IF(D21=0,1,IF(E21<0,0,IF(E21/D21>1.2,IF((E21/D21-1.2)*0.1+1.2>1.3,1.3,(E21/D21-1.2)*0.1+1.2),E21/D21)))) -> 1.1146548 | G21: 10 | H21: 190 | I21: 182.6 | J21: =IF(K21=0,0,IF(H21=0,1,IF(I21<0,0,IF(I21/H21>1.2,IF((I21/H21-1.2)*0.1+1.2>1.3,1.3,(I21/H21-1.2)*0.1+1.2),I21/H21)))) -> 0.96105263 | K21: 15 | L21: 3825 | M21: 967 | N21: =IF(O21=0,0,IF(L21=0,1,IF(M21<0,0,IF(M21/L21>1.2,IF((M21/L21-1.2)*0.1+1.2>1.3,1.3,(M21/L21-1.2)*0.1+1.2),M21/L21)))) -> 0.25281046 | O21: 5 | P21: 77.4 | Q21: 105.9 | R21: =IF(S21=0,0,IF(P21=0,1,IF(Q21<0,0,IF(Q21/P21>1.2,IF((Q21/P21-1.2)*0.1+1.2>1.3,1.3,(Q21/P21-1.2)*0.1+1.2),Q21/P21)))) -> 1.2168217 | S21: 10 | T21: 23629.1 | U21: 23343.344 | V21: =IF(W21=0,0,IF(T21=0,1,IF(U21<0,0,IF(U21/T21>1.2,IF((U21/T21-1.2)*0.1+1.2>1.3,1.3,(U21/T21-1.2)*0.1+1.2),U21/T21)))) -> 0.98790661 | W21: 10 | X21: 4600 | Y21: 2868.278 | Z21: =IF(AA21=0,0,IF(X21=0,1,IF(Y21<0,0,IF(Y21/X21>1.2,IF((Y21/X21-1.2)*0.1+1.2>1.3,1.3,(Y21/X21-1.2)*0.1+1.2),Y21/X21)))) -> 0.6235387 | AA21: 10 | AB21: 998 | AC21: 1227 | AD21: =IF(AE21=0,0,IF(AB21=0,1,IF(AC21<0,0,IF(AC21/AB21>1.2,IF((AC21/AB21-1.2)*0.1+1.2>1.3,1.3,(AC21/AB21-1.2)*0.1+1.2),AC21/AB21)))) -> 1.2029459 | AE21: 12 | AF21: =(B21*C21+F21*G21+J21*K21+N21*O21+R21*S21+V21*W21+Z21*AA21+AD21*AE21)/(C21+G21+K21+O21+S21+W21+AA21+AE21) -> 0.97005378 | AG21: 29790 | AH21: =ROUND(AF21*AG21,1) -> 28897.9 | AI21: =AH21-AG21 -> -892.1 | AJ21: 3718.5 | AL21: =AH21-AJ21-AK21 -> 25179.4 | AM21: 2403.2 | AO21: 2403.2 | AQ21: 2900.4 | AR21: 3690.8 | AS21: 1362.1 | AT21: 1432.4 | AU21: 1501.6 | AV21: 2773.2 | AW21: 2773.2 | AX21: 1340.8 | AY21: 4040.5 | AZ21: =ROUND(AL21-SUM(AM21:AY21),1) -> -1442 | BE21: =IF(AND(AZ21>0,OR(BA21="+",BB21="+",BC21="+",BD21="+")),0,AZ21) -> -1442
A22: Безенчукский | B22: 1 | C22: 10 | D22: 22524 | E22: 24246.181 | F22: =IF(G22=0,0,IF(D22=0,1,IF(E22<0,0,IF(E22/D22>1.2,IF((E22/D22-1.2)*0.1+1.2>1.3,1.3,(E22/D22-1.2)*0.1+1.2),E22/D22)))) -> 1.0764598 | G22: 10 | H22: 190 | I22: 195 | J22: =IF(K22=0,0,IF(H22=0,1,IF(I22<0,0,IF(I22/H22>1.2,IF((I22/H22-1.2)*0.1+1.2>1.3,1.3,(I22/H22-1.2)*0.1+1.2),I22/H22)))) -> 1.0263158 | K22: 15 | L22: 21547 | M22: 15249 | N22: =IF(O22=0,0,IF(L22=0,1,IF(M22<0,0,IF(M22/L22>1.2,IF((M22/L22-1.2)*0.1+1.2>1.3,1.3,(M22/L22-1.2)*0.1+1.2),M22/L22)))) -> 0.70770873 | O22: 5 | P22: 96.4 | Q22: 113.6 | R22: =IF(S22=0,0,IF(P22=0,1,IF(Q22<0,0,IF(Q22/P22>1.2,IF((Q22/P22-1.2)*0.1+1.2>1.3,1.3,(Q22/P22-1.2)*0.1+1.2),Q22/P22)))) -> 1.1784232 | S22: 10 | T22: 21632 | U22: 21658 | V22: =IF(W22=0,0,IF(T22=0,1,IF(U22<0,0,IF(U22/T22>1.2,IF((U22/T22-1.2)*0.1+1.2>1.3,1.3,(U22/T22-1.2)*0.1+1.2),U22/T22)))) -> 1.0012019 | W22: 10 | X22: 3364.5 | Y22: 3316.895 | Z22: =IF(AA22=0,0,IF(X22=0,1,IF(Y22<0,0,IF(Y22/X22>1.2,IF((Y22/X22-1.2)*0.1+1.2>1.3,1.3,(Y22/X22-1.2)*0.1+1.2),Y22/X22)))) -> 0.9858508 | AA22: 10 | AB22: 4554 | AC22: 5533 | AD22: =IF(AE22=0,0,IF(AB22=0,1,IF(AC22<0,0,IF(AC22/AB22>1.2,IF((AC22/AB22-1.2)*0.1+1.2>1.3,1.3,(AC22/AB22-1.2)*0.1+1.2),AC22/AB22)))) -> 1.2014976 | AE22: 12 | AF22: =(B22*C22+F22*G22+J22*K22+N22*O22+R22*S22+V22*W22+Z22*AA22+AD22*AE22)/(C22+G22+K22+O22+S22+W22+AA22+AE22) -> 1.045983 | AG22: 53392 | AH22: =ROUND(AF22*AG22,1) -> 55847.1 | AI22: =AH22-AG22 -> 2455.1 | AJ22: 1393.2 | AL22: =AH22-AJ22-AK22 -> 54453.9 | AM22: 4663.2 | AO22: 4663.2 | AQ22: 4659.9 | AR22: 6438.4 | AS22: 4548.9 | AT22: 4811.2 | AU22: 1187 | AV22: 4623.6 | AW22: 4623.5 | AX22: 8595.9 | AY22: 7278.6 | AZ22: =ROUND(AL22-SUM(AM22:AY22),1) -> -1639.5 | BE22: =IF(AND(AZ22>0,OR(BA22="+",BB22="+",BC22="+",BD22="+")),0,AZ22) -> -1639.5
A23: Богатовский | B23: 1 | C23: 10 | D23: 6464 | E23: 7321.883 | F23: =IF(G23=0,0,IF(D23=0,1,IF(E23<0,0,IF(E23/D23>1.2,IF((E23/D23-1.2)*0.1+1.2>1.3,1.3,(E23/D23-1.2)*0.1+1.2),E23/D23)))) -> 1.132717 | G23: 10 | H23: 160 | I23: 186 | J23: =IF(K23=0,0,IF(H23=0,1,IF(I23<0,0,IF(I23/H23>1.2,IF((I23/H23-1.2)*0.1+1.2>1.3,1.3,(I23/H23-1.2)*0.1+1.2),I23/H23)))) -> 1.1625 | K23: 15 | L23: 9986 | M23: 4686 | N23: =IF(O23=0,0,IF(L23=0,1,IF(M23<0,0,IF(M23/L23>1.2,IF((M23/L23-1.2)*0.1+1.2>1.3,1.3,(M23/L23-1.2)*0.1+1.2),M23/L23)))) -> 0.46925696 | O23: 5 | P23: 51.4 | Q23: 50.7 | R23: =IF(S23=0,0,IF(P23=0,1,IF(Q23<0,0,IF(Q23/P23>1.2,IF((Q23/P23-1.2)*0.1+1.2>1.3,1.3,(Q23/P23-1.2)*0.1+1.2),Q23/P23)))) -> 0.98638132 | S23: 10 | T23: 16470 | U23: 19826.371 | V23: =IF(W23=0,0,IF(T23=0,1,IF(U23<0,0,IF(U23/T23>1.2,IF((U23/T23-1.2)*0.1+1.2>1.3,1.3,(U23/T23-1.2)*0.1+1.2),U23/T23)))) -> 1.2003787 | W23: 10 | X23: 2555.3 | Y23: 2550.001 | Z23: =IF(AA23=0,0,IF(X23=0,1,IF(Y23<0,0,IF(Y23/X23>1.2,IF((Y23/X23-1.2)*0.1+1.2>1.3,1.3,(Y23/X23-1.2)*0.1+1.2),Y23/X23)))) -> 0.99792627 | AA23: 10 | AB23: 1315 | AC23: 1619 | AD23: =IF(AE23=0,0,IF(AB23=0,1,IF(AC23<0,0,IF(AC23/AB23>1.2,IF((AC23/AB23-1.2)*0.1+1.2>1.3,1.3,(AC23/AB23-1.2)*0.1+1.2),AC23/AB23)))) -> 1.2031179 | AE23: 12 | AF23: =(B23*C23+F23*G23+J23*K23+N23*O23+R23*S23+V23*W23+Z23*AA23+AD23*AE23)/(C23+G23+K23+O23+S23+W23+AA23+AE23) -> 1.0657955 | AG23: 37170 | AH23: =ROUND(AF23*AG23,1) -> 39615.6 | AI23: =AH23-AG23 -> 2445.6 | AJ23: 2244 | AL23: =AH23-AJ23-AK23 -> 37371.6 | AM23: 2893.7 | AO23: 3210.7 | AQ23: 3612.4 | AR23: 2418.3 | AS23: 2136.3 | AT23: 2526.9 | AU23: 4777.6 | AV23: 3402.7 | AW23: 3402.8 | AX23: 4332 | AY23: 5151 | AZ23: =ROUND(AL23-SUM(AM23:AY23),1) -> -492.8 | BE23: =IF(AND(AZ23>0,OR(BA23="+",BB23="+",BC23="+",BD23="+")),0,AZ23) -> -492.8
A24: Большеглушицкий | B24: 1 | C24: 10 | D24: 6808 | E24: 7872.692 | F24: =IF(G24=0,0,IF(D24=0,1,IF(E24<0,0,IF(E24/D24>1.2,IF((E24/D24-1.2)*0.1+1.2>1.3,1.3,(E24/D24-1.2)*0.1+1.2),E24/D24)))) -> 1.1563884 | G24: 10 | H24: 190 | I24: 197.8 | J24: =IF(K24=0,0,IF(H24=0,1,IF(I24<0,0,IF(I24/H24>1.2,IF((I24/H24-1.2)*0.1+1.2>1.3,1.3,(I24/H24-1.2)*0.1+1.2),I24/H24)))) -> 1.0410526 | K24: 15 | L24: 6306 | M24: 5218 | N24: =IF(O24=0,0,IF(L24=0,1,IF(M24<0,0,IF(M24/L24>1.2,IF((M24/L24-1.2)*0.1+1.2>1.3,1.3,(M24/L24-1.2)*0.1+1.2),M24/L24)))) -> 0.82746591 | O24: 5 | P24: 143.5 | Q24: 153.5 | R24: =IF(S24=0,0,IF(P24=0,1,IF(Q24<0,0,IF(Q24/P24>1.2,IF((Q24/P24-1.2)*0.1+1.2>1.3,1.3,(Q24/P24-1.2)*0.1+1.2),Q24/P24)))) -> 1.0696864 | S24: 10 | T24: 16604.6 | U24: 10541.203 | V24: =IF(W24=0,0,IF(T24=0,1,IF(U24<0,0,IF(U24/T24>1.2,IF((U24/T24-1.2)*0.1+1.2>1.3,1.3,(U24/T24-1.2)*0.1+1.2),U24/T24)))) -> 0.63483631 | W24: 10 | X24: 3593 | Y24: 3605.613 | Z24: =IF(AA24=0,0,IF(X24=0,1,IF(Y24<0,0,IF(Y24/X24>1.2,IF((Y24/X24-1.2)*0.1+1.2>1.3,1.3,(Y24/X24-1.2)*0.1+1.2),Y24/X24)))) -> 1.0035104 | AA24: 10 | AB24: 2188 | AC24: 2512 | AD24: =IF(AE24=0,0,IF(AB24=0,1,IF(AC24<0,0,IF(AC24/AB24>1.2,IF((AC24/AB24-1.2)*0.1+1.2>1.3,1.3,(AC24/AB24-1.2)*0.1+1.2),AC24/AB24)))) -> 1.1480804 | AE24: 12 | AF24: =(B24*C24+F24*G24+J24*K24+N24*O24+R24*S24+V24*W24+Z24*AA24+AD24*AE24)/(C24+G24+K24+O24+S24+W24+AA24+AE24) -> 1.0021256 | AG24: 42710 | AH24: =ROUND(AF24*AG24,1) -> 42800.8 | AI24: =AH24-AG24 -> 90.8 | AJ24: 3983 | AL24: =AH24-AJ24-AK24 -> 38817.8 | AM24: 3488.5 | AO24: 3488.4 | AQ24: 4252.1 | AR24: 4985.8 | AS24: 2460.6 | AT24: 2756.8 | AU24: 1135.3 | AV24: 3793 | AW24: 3792.9 | AX24: 4703.7 | AY24: 5715.9 | AZ24: =ROUND(AL24-SUM(AM24:AY24),1) -> -1755.2 | BE24: =IF(AND(AZ24>0,OR(BA24="+",BB24="+",BC24="+",BD24="+")),0,AZ24) -> -1755.2
A25: Большечерниговский | B25: 1 | C25: 10 | D25: 5017 | E25: 5908.74 | F25: =IF(G25=0,0,IF(D25=0,1,IF(E25<0,0,IF(E25/D25>1.2,IF((E25/D25-1.2)*0.1+1.2>1.3,1.3,(E25/D25-1.2)*0.1+1.2),E25/D25)))) -> 1.1777437 | G25: 10 | H25: 175 | I25: 165 | J25: =IF(K25=0,0,IF(H25=0,1,IF(I25<0,0,IF(I25/H25>1.2,IF((I25/H25-1.2)*0.1+1.2>1.3,1.3,(I25/H25-1.2)*0.1+1.2),I25/H25)))) -> 0.94285714 | K25: 15 | L25: 4599 | M25: 3367 | N25: =IF(O25=0,0,IF(L25=0,1,IF(M25<0,0,IF(M25/L25>1.2,IF((M25/L25-1.2)*0.1+1.2>1.3,1.3,(M25/L25-1.2)*0.1+1.2),M25/L25)))) -> 0.73211568 | O25: 5 | P25: 108.8 | Q25: 155.5 | R25: =IF(S25=0,0,IF(P25=0,1,IF(Q25<0,0,IF(Q25/P25>1.2,IF((Q25/P25-1.2)*0.1+1.2>1.3,1.3,(Q25/P25-1.2)*0.1+1.2),Q25/P25)))) -> 1.2229228 | S25: 10 | T25: 31582.7 | U25: 31582.8 | V25: =IF(W25=0,0,IF(T25=0,1,IF(U25<0,0,IF(U25/T25>1.2,IF((U25/T25-1.2)*0.1+1.2>1.3,1.3,(U25/T25-1.2)*0.1+1.2),U25/T25)))) -> 1.0000032 | W25: 10 | X25: 5621.2 | Y25: 5629.552 | Z25: =IF(AA25=0,0,IF(X25=0,1,IF(Y25<0,0,IF(Y25/X25>1.2,IF((Y25/X25-1.2)*0.1+1.2>1.3,1.3,(Y25/X25-1.2)*0.1+1.2),Y25/X25)))) -> 1.0014858 | AA25: 10 | AB25: 3227 | AC25: 3421 | AD25: =IF(AE25=0,0,IF(AB25=0,1,IF(AC25<0,0,IF(AC25/AB25>1.2,IF((AC25/AB25-1.2)*0.1+1.2>1.3,1.3,(AC25/AB25-1.2)*0.1+1.2),AC25/AB25)))) -> 1.0601178 | AE25: 12 | AF25: =(B25*C25+F25*G25+J25*K25+N25*O25+R25*S25+V25*W25+Z25*AA25+AD25*AE25)/(C25+G25+K25+O25+S25+W25+AA25+AE25) -> 1.0310537 | AG25: 51674 | AH25: =ROUND(AF25*AG25,1) -> 53278.7 | AI25: =AH25-AG25 -> 1604.7 | AJ25: 56.7 | AL25: =AH25-AJ25-AK25 -> 53222 | AM25: 3662.2 | AO25: 3662.2 | AQ25: 6807.3 | AR25: 5343.8 | AS25: 4846.2 | AT25: 4915.8 | AU25: 2927.3 | AV25: 4603.1 | AW25: 4603.1 | AX25: 4785.3 | AY25: 6497.2 | AZ25: =ROUND(AL25-SUM(AM25:AY25),1) -> 568.5 | BE25: =IF(AND(AZ25>0,OR(BA25="+",BB25="+",BC25="+",BD25="+")),0,AZ25) -> 568.5
A26: Борский | B26: 1 | C26: 10 | D26: 7581 | E26: 8536.54 | F26: =IF(G26=0,0,IF(D26=0,1,IF(E26<0,0,IF(E26/D26>1.2,IF((E26/D26-1.2)*0.1+1.2>1.3,1.3,(E26/D26-1.2)*0.1+1.2),E26/D26)))) -> 1.1260441 | G26: 10 | H26: 190 | I26: 192 | J26: =IF(K26=0,0,IF(H26=0,1,IF(I26<0,0,IF(I26/H26>1.2,IF((I26/H26-1.2)*0.1+1.2>1.3,1.3,(I26/H26-1.2)*0.1+1.2),I26/H26)))) -> 1.0105263 | K26: 15 | L26: 14968 | M26: 6775 | N26: =IF(O26=0,0,IF(L26=0,1,IF(M26<0,0,IF(M26/L26>1.2,IF((M26/L26-1.2)*0.1+1.2>1.3,1.3,(M26/L26-1.2)*0.1+1.2),M26/L26)))) -> 0.45263228 | O26: 5 | P26: 71.9 | Q26: 94.9 | R26: =IF(S26=0,0,IF(P26=0,1,IF(Q26<0,0,IF(Q26/P26>1.2,IF((Q26/P26-1.2)*0.1+1.2>1.3,1.3,(Q26/P26-1.2)*0.1+1.2),Q26/P26)))) -> 1.2119889 | S26: 10 | T26: 12961 | U26: 13155 | V26: =IF(W26=0,0,IF(T26=0,1,IF(U26<0,0,IF(U26/T26>1.2,IF((U26/T26-1.2)*0.1+1.2>1.3,1.3,(U26/T26-1.2)*0.1+1.2),U26/T26)))) -> 1.014968 | W26: 10 | X26: 2870.9 | Y26: 2920 | Z26: =IF(AA26=0,0,IF(X26=0,1,IF(Y26<0,0,IF(Y26/X26>1.2,IF((Y26/X26-1.2)*0.1+1.2>1.3,1.3,(Y26/X26-1.2)*0.1+1.2),Y26/X26)))) -> 1.0171027 | AA26: 10 | AB26: 2129 | AC26: 2581 | AD26: =IF(AE26=0,0,IF(AB26=0,1,IF(AC26<0,0,IF(AC26/AB26>1.2,IF((AC26/AB26-1.2)*0.1+1.2>1.3,1.3,(AC26/AB26-1.2)*0.1+1.2),AC26/AB26)))) -> 1.2012306 | AE26: 12 | AF26: =(B26*C26+F26*G26+J26*K26+N26*O26+R26*S26+V26*W26+Z26*AA26+AD26*AE26)/(C26+G26+K26+O26+S26+W26+AA26+AE26) -> 1.0431324 | AG26: 49376 | AH26: =ROUND(AF26*AG26,1) -> 51505.7 | AI26: =AH26-AG26 -> 2129.7 | AJ26: 3669.3 | AL26: =AH26-AJ26-AK26 -> 47836.4 | AM26: 4143.2 | AO26: 4143.2 | AQ26: 4782.5 | AR26: 5781.4 | AS26: 3244.8 | AT26: 3513.4 | AU26: 1076.7 | AV26: 4336.3 | AW26: 4336.3 | AX26: 5161.8 | AY26: 6508.3 | AZ26: =ROUND(AL26-SUM(AM26:AY26),1) -> 808.5 | BE26: =IF(AND(AZ26>0,OR(BA26="+",BB26="+",BC26="+",BD26="+")),0,AZ26) -> 808.5
A27: Волжский | B27: 1 | C27: 10 | D27: 66041 | E27: 75707.006 | F27: =IF(G27=0,0,IF(D27=0,1,IF(E27<0,0,IF(E27/D27>1.2,IF((E27/D27-1.2)*0.1+1.2>1.3,1.3,(E27/D27-1.2)*0.1+1.2),E27/D27)))) -> 1.1463637 | G27: 10 | H27: 160 | I27: 171 | J27: =IF(K27=0,0,IF(H27=0,1,IF(I27<0,0,IF(I27/H27>1.2,IF((I27/H27-1.2)*0.1+1.2>1.3,1.3,(I27/H27-1.2)*0.1+1.2),I27/H27)))) -> 1.06875 | K27: 15 | L27: 258335 | M27: 389260 | N27: =IF(O27=0,0,IF(L27=0,1,IF(M27<0,0,IF(M27/L27>1.2,IF((M27/L27-1.2)*0.1+1.2>1.3,1.3,(M27/L27-1.2)*0.1+1.2),M27/L27)))) -> 1.2306803 | O27: 5 | P27: 78.9 | Q27: 84.8 | R27: =IF(S27=0,0,IF(P27=0,1,IF(Q27<0,0,IF(Q27/P27>1.2,IF((Q27/P27-1.2)*0.1+1.2>1.3,1.3,(Q27/P27-1.2)*0.1+1.2),Q27/P27)))) -> 1.0747782 | S27: 10 | T27: 15111.2 | U27: 14957.8 | V27: =IF(W27=0,0,IF(T27=0,1,IF(U27<0,0,IF(U27/T27>1.2,IF((U27/T27-1.2)*0.1+1.2>1.3,1.3,(U27/T27-1.2)*0.1+1.2),U27/T27)))) -> 0.98984859 | W27: 10 | X27: 4298.5 | Y27: 4365.048 | Z27: =IF(AA27=0,0,IF(X27=0,1,IF(Y27<0,0,IF(Y27/X27>1.2,IF((Y27/X27-1.2)*0.1+1.2>1.3,1.3,(Y27/X27-1.2)*0.1+1.2),Y27/X27)))) -> 1.0154817 | AA27: 10 | AB27: 17220 | AC27: 21217 | AD27: =IF(AE27=0,0,IF(AB27=0,1,IF(AC27<0,0,IF(AC27/AB27>1.2,IF((AC27/AB27-1.2)*0.1+1.2>1.3,1.3,(AC27/AB27-1.2)*0.1+1.2),AC27/AB27)))) -> 1.2032114 | AE27: 12 | AF27: =(B27*C27+F27*G27+J27*K27+N27*O27+R27*S27+V27*W27+Z27*AA27+AD27*AE27)/(C27+G27+K27+O27+S27+W27+AA27+AE27) -> 1.0839989 | AG27: 120465 | AH27: =ROUND(AF27*AG27,1) -> 130583.9 | AI27: =AH27-AG27 -> 10118.9 | AJ27: 2726.5 | AL27: =AH27-AJ27-AK27 -> 127857.4 | AM27: 10140.5 | AO27: 10140.4 | AQ27: 10550.2 | AR27: 11094 | AS27: 9390.7 | AT27: 10040.4 | AU27: 8471.8 | AV27: 10364.9 | AW27: 11312.5 | AX27: 16405.1 | AY27: 19474.4 | AZ27: =ROUND(AL27-SUM(AM27:AY27),1) -> 472.5 | BE27: =IF(AND(AZ27>0,OR(BA27="+",BB27="+",BC27="+",BD27="+")),0,AZ27) -> 472.5
A28: Елховский | B28: 1 | C28: 10 | D28: 3325 | E28: 4063.589 | F28: =IF(G28=0,0,IF(D28=0,1,IF(E28<0,0,IF(E28/D28>1.2,IF((E28/D28-1.2)*0.1+1.2>1.3,1.3,(E28/D28-1.2)*0.1+1.2),E28/D28)))) -> 1.2022132 | G28: 10 | H28: 174 | I28: 181 | J28: =IF(K28=0,0,IF(H28=0,1,IF(I28<0,0,IF(I28/H28>1.2,IF((I28/H28-1.2)*0.1+1.2>1.3,1.3,(I28/H28-1.2)*0.1+1.2),I28/H28)))) -> 1.0402299 | K28: 15 | L28: 4132 | M28: 2954 | N28: =IF(O28=0,0,IF(L28=0,1,IF(M28<0,0,IF(M28/L28>1.2,IF((M28/L28-1.2)*0.1+1.2>1.3,1.3,(M28/L28-1.2)*0.1+1.2),M28/L28)))) -> 0.71490803 | O28: 5 | P28: 67.3 | Q28: 90.2 | R28: =IF(S28=0,0,IF(P28=0,1,IF(Q28<0,0,IF(Q28/P28>1.2,IF((Q28/P28-1.2)*0.1+1.2>1.3,1.3,(Q28/P28-1.2)*0.1+1.2),Q28/P28)))) -> 1.2140267 | S28: 10 | T28: 6110.5 | U28: 6951.924 | V28: =IF(W28=0,0,IF(T28=0,1,IF(U28<0,0,IF(U28/T28>1.2,IF((U28/T28-1.2)*0.1+1.2>1.3,1.3,(U28/T28-1.2)*0.1+1.2),U28/T28)))) -> 1.1377013 | W28: 10 | X28: 969.4 | Y28: 903.468 | Z28: =IF(AA28=0,0,IF(X28=0,1,IF(Y28<0,0,IF(Y28/X28>1.2,IF((Y28/X28-1.2)*0.1+1.2>1.3,1.3,(Y28/X28-1.2)*0.1+1.2),Y28/X28)))) -> 0.9319868 | AA28: 10 | AB28: 754 | AC28: 1129 | AD28: =IF(AE28=0,0,IF(AB28=0,1,IF(AC28<0,0,IF(AC28/AB28>1.2,IF((AC28/AB28-1.2)*0.1+1.2>1.3,1.3,(AC28/AB28-1.2)*0.1+1.2),AC28/AB28)))) -> 1.2297347 | AE28: 12 | AF28: =(B28*C28+F28*G28+J28*K28+N28*O28+R28*S28+V28*W28+Z28*AA28+AD28*AE28)/(C28+G28+K28+O28+S28+W28+AA28+AE28) -> 1.0828547 | AG28: 21954 | AH28: =ROUND(AF28*AG28,1) -> 23773 | AI28: =AH28-AG28 -> 1819 | AJ28: 856.4 | AL28: =AH28-AJ28-AK28 -> 22916.6 | AM28: 1811.1 | AO28: 1811.1 | AQ28: 1919.1 | AR28: 2194.5 | AS28: 1591.5 | AT28: 1906.1 | AU28: 963.5 | AV28: 1864.7 | AW28: 1864.8 | AX28: 3617.5 | AY28: 2952.6 | AZ28: =ROUND(AL28-SUM(AM28:AY28),1) -> 420.1 | BE28: =IF(AND(AZ28>0,OR(BA28="+",BB28="+",BC28="+",BD28="+")),0,AZ28) -> 420.1
A29: Исаклинский | B29: 1 | C29: 10 | D29: 3478 | E29: 3972.669 | F29: =IF(G29=0,0,IF(D29=0,1,IF(E29<0,0,IF(E29/D29>1.2,IF((E29/D29-1.2)*0.1+1.2>1.3,1.3,(E29/D29-1.2)*0.1+1.2),E29/D29)))) -> 1.142228 | G29: 10 | H29: 190 | I29: 194.7 | J29: =IF(K29=0,0,IF(H29=0,1,IF(I29<0,0,IF(I29/H29>1.2,IF((I29/H29-1.2)*0.1+1.2>1.3,1.3,(I29/H29-1.2)*0.1+1.2),I29/H29)))) -> 1.0247368 | K29: 15 | L29: 7074 | M29: 1721 | N29: =IF(O29=0,0,IF(L29=0,1,IF(M29<0,0,IF(M29/L29>1.2,IF((M29/L29-1.2)*0.1+1.2>1.3,1.3,(M29/L29-1.2)*0.1+1.2),M29/L29)))) -> 0.24328527 | O29: 5 | P29: 51.7 | Q29: 59.6 | R29: =IF(S29=0,0,IF(P29=0,1,IF(Q29<0,0,IF(Q29/P29>1.2,IF((Q29/P29-1.2)*0.1+1.2>1.3,1.3,(Q29/P29-1.2)*0.1+1.2),Q29/P29)))) -> 1.1528046 | S29: 10 | T29: 23602.8 | U29: 23618.633 | V29: =IF(W29=0,0,IF(T29=0,1,IF(U29<0,0,IF(U29/T29>1.2,IF((U29/T29-1.2)*0.1+1.2>1.3,1.3,(U29/T29-1.2)*0.1+1.2),U29/T29)))) -> 1.0006708 | W29: 10 | X29: 3131.1 | Y29: 3086.77 | Z29: =IF(AA29=0,0,IF(X29=0,1,IF(Y29<0,0,IF(Y29/X29>1.2,IF((Y29/X29-1.2)*0.1+1.2>1.3,1.3,(Y29/X29-1.2)*0.1+1.2),Y29/X29)))) -> 0.98584204 | AA29: 10 | AB29: 1588 | AC29: 1955 | AD29: =IF(AE29=0,0,IF(AB29=0,1,IF(AC29<0,0,IF(AC29/AB29>1.2,IF((AC29/AB29-1.2)*0.1+1.2>1.3,1.3,(AC29/AB29-1.2)*0.1+1.2),AC29/AB29)))) -> 1.2031108 | AE29: 12 | AF29: =(B29*C29+F29*G29+J29*K29+N29*O29+R29*S29+V29*W29+Z29*AA29+AD29*AE29)/(C29+G29+K29+O29+S29+W29+AA29+AE29) -> 1.0224422 | AG29: 46056 | AH29: =ROUND(AF29*AG29,1) -> 47089.6 | AI29: =AH29-AG29 -> 1033.6 | AJ29: 3591 | AL29: =AH29-AJ29-AK29 -> 43498.6 | AM29: 3372.6 | AO29: 3372.7 | AQ29: 5332.2 | AR29: 5317.3 | AS29: 2912.4 | AT29: 3170.9 | AU29: 1690.3 | AV29: 4108.4 | AW29: 4108.6 | AX29: 5439.1 | AY29: 6822.4 | AZ29: =ROUND(AL29-SUM(AM29:AY29),1) -> -2148.3 | BE29: =IF(AND(AZ29>0,OR(BA29="+",BB29="+",BC29="+",BD29="+")),0,AZ29) -> -2148.3
A30: Камышлинский | B30: 1 | C30: 10 | D30: 3096 | E30: 3734.043 | F30: =IF(G30=0,0,IF(D30=0,1,IF(E30<0,0,IF(E30/D30>1.2,IF((E30/D30-1.2)*0.1+1.2>1.3,1.3,(E30/D30-1.2)*0.1+1.2),E30/D30)))) -> 1.2006086 | G30: 10 | H30: 160 | I30: 167 | J30: =IF(K30=0,0,IF(H30=0,1,IF(I30<0,0,IF(I30/H30>1.2,IF((I30/H30-1.2)*0.1+1.2>1.3,1.3,(I30/H30-1.2)*0.1+1.2),I30/H30)))) -> 1.04375 | K30: 15 | L30: 4277 | M30: 2498 | N30: =IF(O30=0,0,IF(L30=0,1,IF(M30<0,0,IF(M30/L30>1.2,IF((M30/L30-1.2)*0.1+1.2>1.3,1.3,(M30/L30-1.2)*0.1+1.2),M30/L30)))) -> 0.58405424 | O30: 5 | P30: 27 | Q30: 31.1 | R30: =IF(S30=0,0,IF(P30=0,1,IF(Q30<0,0,IF(Q30/P30>1.2,IF((Q30/P30-1.2)*0.1+1.2>1.3,1.3,(Q30/P30-1.2)*0.1+1.2),Q30/P30)))) -> 1.1518519 | S30: 10 | T30: 4268.7 | U30: 4214.2 | V30: =IF(W30=0,0,IF(T30=0,1,IF(U30<0,0,IF(U30/T30>1.2,IF((U30/T30-1.2)*0.1+1.2>1.3,1.3,(U30/T30-1.2)*0.1+1.2),U30/T30)))) -> 0.98723265 | W30: 10 | X30: 1448.3 | Y30: 1101.432 | Z30: =IF(AA30=0,0,IF(X30=0,1,IF(Y30<0,0,IF(Y30/X30>1.2,IF((Y30/X30-1.2)*0.1+1.2>1.3,1.3,(Y30/X30-1.2)*0.1+1.2),Y30/X30)))) -> 0.7604999 | AA30: 10 | AB30: 774 | AC30: 1112 | AD30: =IF(AE30=0,0,IF(AB30=0,1,IF(AC30<0,0,IF(AC30/AB30>1.2,IF((AC30/AB30-1.2)*0.1+1.2>1.3,1.3,(AC30/AB30-1.2)*0.1+1.2),AC30/AB30)))) -> 1.2236693 | AE30: 12 | AF30: =(B30*C30+F30*G30+J30*K30+N30*O30+R30*S30+V30*W30+Z30*AA30+AD30*AE30)/(C30+G30+K30+O30+S30+W30+AA30+AE30) -> 1.0275912 | AG30: 35865 | AH30: =ROUND(AF30*AG30,1) -> 36854.6 | AI30: =AH30-AG30 -> 989.6 | AJ30: 2496.8 | AL30: =AH30-AJ30-AK30 -> 34357.8 | AM30: 2134.6 | AO30: 2134.7 | AQ30: 2310.7 | AR30: 3024.9 | AS30: 1402.4 | AT30: 1792.8 | AU30: 352 | AV30: 2235.6 | AW30: 2235.5 | AX30: 12875.8 | AY30: 4178.5 | AZ30: =ROUND(AL30-SUM(AM30:AY30),1) -> -319.7 | BE30: =IF(AND(AZ30>0,OR(BA30="+",BB30="+",BC30="+",BD30="+")),0,AZ30) -> -319.7
A31: Кинельский | B31: 1 | C31: 10 | D31: 9858 | E31: 11644.196 | F31: =IF(G31=0,0,IF(D31=0,1,IF(E31<0,0,IF(E31/D31>1.2,IF((E31/D31-1.2)*0.1+1.2>1.3,1.3,(E31/D31-1.2)*0.1+1.2),E31/D31)))) -> 1.1811925 | G31: 10 | H31: 160 | I31: 197 | J31: =IF(K31=0,0,IF(H31=0,1,IF(I31<0,0,IF(I31/H31>1.2,IF((I31/H31-1.2)*0.1+1.2>1.3,1.3,(I31/H31-1.2)*0.1+1.2),I31/H31)))) -> 1.203125 | K31: 15 | L31: 41544 | M31: 36222 | N31: =IF(O31=0,0,IF(L31=0,1,IF(M31<0,0,IF(M31/L31>1.2,IF((M31/L31-1.2)*0.1+1.2>1.3,1.3,(M31/L31-1.2)*0.1+1.2),M31/L31)))) -> 0.87189486 | O31: 5 | P31: 98 | Q31: 126.9 | R31: =IF(S31=0,0,IF(P31=0,1,IF(Q31<0,0,IF(Q31/P31>1.2,IF((Q31/P31-1.2)*0.1+1.2>1.3,1.3,(Q31/P31-1.2)*0.1+1.2),Q31/P31)))) -> 1.2094898 | S31: 10 | T31: 28333.9 | U31: 32609.198 | V31: =IF(W31=0,0,IF(T31=0,1,IF(U31<0,0,IF(U31/T31>1.2,IF((U31/T31-1.2)*0.1+1.2>1.3,1.3,(U31/T31-1.2)*0.1+1.2),U31/T31)))) -> 1.1508899 | W31: 10 | X31: 12070.7 | Y31: 17193.25 | Z31: =IF(AA31=0,0,IF(X31=0,1,IF(Y31<0,0,IF(Y31/X31>1.2,IF((Y31/X31-1.2)*0.1+1.2>1.3,1.3,(Y31/X31-1.2)*0.1+1.2),Y31/X31)))) -> 1.2224379 | AA31: 10 | AB31: 4312 | AC31: 4841 | AD31: =IF(AE31=0,0,IF(AB31=0,1,IF(AC31<0,0,IF(AC31/AB31>1.2,IF((AC31/AB31-1.2)*0.1+1.2>1.3,1.3,(AC31/AB31-1.2)*0.1+1.2),AC31/AB31)))) -> 1.1226809 | AE31: 12 | AF31: =(B31*C31+F31*G31+J31*K31+N31*O31+R31*S31+V31*W31+Z31*AA31+AD31*AE31)/(C31+G31+K31+O31+S31+W31+AA31+AE31) -> 1.140471 | AG31: 35463 | AH31: =ROUND(AF31*AG31,1) -> 40444.5 | AI31: =AH31-AG31 -> 4981.5 | AJ31: 0 | AL31: =AH31-AJ31-AK31 -> 40444.5 | AM31: 3107.5 | AO31: 3107.6 | AQ31: 3000.2 | AR31: 1411.1 | AS31: 2656.6 | AT31: 3258.3 | AU31: 7981.3 | AV31: 3503.2 | AW31: 3503.2 | AX31: 4057.7 | AY31: 5024.5 | AZ31: =ROUND(AL31-SUM(AM31:AY31),1) -> -166.7 | BE31: =IF(AND(AZ31>0,OR(BA31="+",BB31="+",BC31="+",BD31="+")),0,AZ31) -> -166.7
A32: Кинель-Черкасский | B32: 1 | C32: 10 | D32: 18059 | E32: 19888.543 | F32: =IF(G32=0,0,IF(D32=0,1,IF(E32<0,0,IF(E32/D32>1.2,IF((E32/D32-1.2)*0.1+1.2>1.3,1.3,(E32/D32-1.2)*0.1+1.2),E32/D32)))) -> 1.1013092 | G32: 10 | H32: 190 | I32: 192 | J32: =IF(K32=0,0,IF(H32=0,1,IF(I32<0,0,IF(I32/H32>1.2,IF((I32/H32-1.2)*0.1+1.2>1.3,1.3,(I32/H32-1.2)*0.1+1.2),I32/H32)))) -> 1.0105263 | K32: 15 | L32: 30467 | M32: 14920 | N32: =IF(O32=0,0,IF(L32=0,1,IF(M32<0,0,IF(M32/L32>1.2,IF((M32/L32-1.2)*0.1+1.2>1.3,1.3,(M32/L32-1.2)*0.1+1.2),M32/L32)))) -> 0.48971018 | O32: 5 | P32: 145.9 | Q32: 166.8 | R32: =IF(S32=0,0,IF(P32=0,1,IF(Q32<0,0,IF(Q32/P32>1.2,IF((Q32/P32-1.2)*0.1+1.2>1.3,1.3,(Q32/P32-1.2)*0.1+1.2),Q32/P32)))) -> 1.1432488 | S32: 10 | T32: 12062.1 | U32: 12062.1 | V32: =IF(W32=0,0,IF(T32=0,1,IF(U32<0,0,IF(U32/T32>1.2,IF((U32/T32-1.2)*0.1+1.2>1.3,1.3,(U32/T32-1.2)*0.1+1.2),U32/T32)))) -> 1 | W32: 10 | X32: 34750 | Y32: 47480.131 | Z32: =IF(AA32=0,0,IF(X32=0,1,IF(Y32<0,0,IF(Y32/X32>1.2,IF((Y32/X32-1.2)*0.1+1.2>1.3,1.3,(Y32/X32-1.2)*0.1+1.2),Y32/X32)))) -> 1.2166335 | AA32: 10 | AB32: 4606 | AC32: 5518 | AD32: =IF(AE32=0,0,IF(AB32=0,1,IF(AC32<0,0,IF(AC32/AB32>1.2,IF((AC32/AB32-1.2)*0.1+1.2>1.3,1.3,(AC32/AB32-1.2)*0.1+1.2),AC32/AB32)))) -> 1.1980026 | AE32: 12 | AF32: =(B32*C32+F32*G32+J32*K32+N32*O32+R32*S32+V32*W32+Z32*AA32+AD32*AE32)/(C32+G32+K32+O32+S32+W32+AA32+AE32) -> 1.0560292 | AG32: 72480 | AH32: =ROUND(AF32*AG32,1) -> 76541 | AI32: =AH32-AG32 -> 4061 | AJ32: 0 | AL32: =AH32-AJ32-AK32 -> 76541 | AM32: 6200.2 | AO32: 6200.2 | AQ32: 6369.9 | AR32: 8390.1 | AS32: 6790.1 | AT32: 7145.9 | AU32: 2556.6 | AV32: 6236.2 | AW32: 6236.1 | AX32: 8936.7 | AY32: 10390.2 | AZ32: =ROUND(AL32-SUM(AM32:AY32),1) -> 1088.8 | BE32: =IF(AND(AZ32>0,OR(BA32="+",BB32="+",BC32="+",BD32="+")),0,AZ32) -> 1088.8
A33: Клявлинский | B33: 1 | C33: 10 | D33: 4219 | E33: 4996.62 | F33: =IF(G33=0,0,IF(D33=0,1,IF(E33<0,0,IF(E33/D33>1.2,IF((E33/D33-1.2)*0.1+1.2>1.3,1.3,(E33/D33-1.2)*0.1+1.2),E33/D33)))) -> 1.1843138 | G33: 10 | H33: 190 | I33: 187 | J33: =IF(K33=0,0,IF(H33=0,1,IF(I33<0,0,IF(I33/H33>1.2,IF((I33/H33-1.2)*0.1+1.2>1.3,1.3,(I33/H33-1.2)*0.1+1.2),I33/H33)))) -> 0.98421053 | K33: 15 | L33: 5837 | M33: 2855 | N33: =IF(O33=0,0,IF(L33=0,1,IF(M33<0,0,IF(M33/L33>1.2,IF((M33/L33-1.2)*0.1+1.2>1.3,1.3,(M33/L33-1.2)*0.1+1.2),M33/L33)))) -> 0.48912112 | O33: 5 | P33: 29.5 | Q33: 33.4 | R33: =IF(S33=0,0,IF(P33=0,1,IF(Q33<0,0,IF(Q33/P33>1.2,IF((Q33/P33-1.2)*0.1+1.2>1.3,1.3,(Q33/P33-1.2)*0.1+1.2),Q33/P33)))) -> 1.1322034 | S33: 10 | T33: 6965.1 | U33: 8046.715 | V33: =IF(W33=0,0,IF(T33=0,1,IF(U33<0,0,IF(U33/T33>1.2,IF((U33/T33-1.2)*0.1+1.2>1.3,1.3,(U33/T33-1.2)*0.1+1.2),U33/T33)))) -> 1.1552907 | W33: 10 | X33: 1352.5 | Y33: 927.034 | Z33: =IF(AA33=0,0,IF(X33=0,1,IF(Y33<0,0,IF(Y33/X33>1.2,IF((Y33/X33-1.2)*0.1+1.2>1.3,1.3,(Y33/X33-1.2)*0.1+1.2),Y33/X33)))) -> 0.68542255 | AA33: 10 | AB33: 1275 | AC33: 1639 | AD33: =IF(AE33=0,0,IF(AB33=0,1,IF(AC33<0,0,IF(AC33/AB33>1.2,IF((AC33/AB33-1.2)*0.1+1.2>1.3,1.3,(AC33/AB33-1.2)*0.1+1.2),AC33/AB33)))) -> 1.208549 | AE33: 12 | AF33: =(B33*C33+F33*G33+J33*K33+N33*O33+R33*S33+V33*W33+Z33*AA33+AD33*AE33)/(C33+G33+K33+O33+S33+W33+AA33+AE33) -> 1.0156543 | AG33: 59378 | AH33: =ROUND(AF33*AG33,1) -> 60307.5 | AI33: =AH33-AG33 -> 929.5 | AJ33: 3679.2 | AL33: =AH33-AJ33-AK33 -> 56628.3 | AM33: 2693.2 | AO33: 2693.2 | AP33: 5925 | AQ33: 0 | AR33: 628.9 | AS33: 1513.3 | AT33: 1947 | AU33: 2390 | AV33: 3067.2 | AW33: 3067.1 | AX33: 27835.8 | AY33: 6737.8 | AZ33: =ROUND(AL33-SUM(AM33:AY33),1) -> -1870.2 | BE33: =IF(AND(AZ33>0,OR(BA33="+",BB33="+",BC33="+",BD33="+")),0,AZ33) -> -1870.2
A34: Кошкинский | B34: 1 | C34: 10 | D34: 13083 | E34: 13777.787 | F34: =IF(G34=0,0,IF(D34=0,1,IF(E34<0,0,IF(E34/D34>1.2,IF((E34/D34-1.2)*0.1+1.2>1.3,1.3,(E34/D34-1.2)*0.1+1.2),E34/D34)))) -> 1.0531061 | G34: 10 | H34: 190 | I34: 172 | J34: =IF(K34=0,0,IF(H34=0,1,IF(I34<0,0,IF(I34/H34>1.2,IF((I34/H34-1.2)*0.1+1.2>1.3,1.3,(I34/H34-1.2)*0.1+1.2),I34/H34)))) -> 0.90526316 | K34: 15 | L34: 8779 | M34: 3892 | N34: =IF(O34=0,0,IF(L34=0,1,IF(M34<0,0,IF(M34/L34>1.2,IF((M34/L34-1.2)*0.1+1.2>1.3,1.3,(M34/L34-1.2)*0.1+1.2),M34/L34)))) -> 0.44333068 | O34: 5 | P34: 135.4 | Q34: 163 | R34: =IF(S34=0,0,IF(P34=0,1,IF(Q34<0,0,IF(Q34/P34>1.2,IF((Q34/P34-1.2)*0.1+1.2>1.3,1.3,(Q34/P34-1.2)*0.1+1.2),Q34/P34)))) -> 1.200384 | S34: 10 | T34: 28394.6 | U34: 27916.02 | V34: =IF(W34=0,0,IF(T34=0,1,IF(U34<0,0,IF(U34/T34>1.2,IF((U34/T34-1.2)*0.1+1.2>1.3,1.3,(U34/T34-1.2)*0.1+1.2),U34/T34)))) -> 0.98314539 | W34: 10 | X34: 4110.6 | Y34: 3595.484 | Z34: =IF(AA34=0,0,IF(X34=0,1,IF(Y34<0,0,IF(Y34/X34>1.2,IF((Y34/X34-1.2)*0.1+1.2>1.3,1.3,(Y34/X34-1.2)*0.1+1.2),Y34/X34)))) -> 0.87468593 | AA34: 10 | AB34: 2764 | AC34: 2829 | AD34: =IF(AE34=0,0,IF(AB34=0,1,IF(AC34<0,0,IF(AC34/AB34>1.2,IF((AC34/AB34-1.2)*0.1+1.2>1.3,1.3,(AC34/AB34-1.2)*0.1+1.2),AC34/AB34)))) -> 1.0235166 | AE34: 12 | AF34: =(B34*C34+F34*G34+J34*K34+N34*O34+R34*S34+V34*W34+Z34*AA34+AD34*AE34)/(C34+G34+K34+O34+S34+W34+AA34+AE34) -> 0.96574409 | AG34: 47338 | AH34: =ROUND(AF34*AG34,1) -> 45716.4 | AI34: =AH34-AG34 -> -1621.6 | AJ34: 4012.6 | AL34: =AH34-AJ34-AK34 -> 41703.8 | AM34: 3975.7 | AN34: 4000 | AO34: 0 | AQ34: 4005.7 | AR34: 4702.3 | AS34: 2565.9 | AT34: 3025.3 | AU34: 2237.7 | AV34: 4075.1 | AW34: 4075 | AX34: 3255.1 | AY34: 5959 | AZ34: =ROUND(AL34-SUM(AM34:AY34),1) -> -173 | BE34: =IF(AND(AZ34>0,OR(BA34="+",BB34="+",BC34="+",BD34="+")),0,AZ34) -> -173
A35: Красноармейский | B35: 1 | C35: 10 | D35: 5298 | E35: 5618.395 | F35: =IF(G35=0,0,IF(D35=0,1,IF(E35<0,0,IF(E35/D35>1.2,IF((E35/D35-1.2)*0.1+1.2>1.3,1.3,(E35/D35-1.2)*0.1+1.2),E35/D35)))) -> 1.0604747 | G35: 10 | H35: 190 | I35: 188.1 | J35: =IF(K35=0,0,IF(H35=0,1,IF(I35<0,0,IF(I35/H35>1.2,IF((I35/H35-1.2)*0.1+1.2>1.3,1.3,(I35/H35-1.2)*0.1+1.2),I35/H35)))) -> 0.99 | K35: 15 | L35: 7150 | M35: 5212 | N35: =IF(O35=0,0,IF(L35=0,1,IF(M35<0,0,IF(M35/L35>1.2,IF((M35/L35-1.2)*0.1+1.2>1.3,1.3,(M35/L35-1.2)*0.1+1.2),M35/L35)))) -> 0.72895105 | O35: 5 | P35: 132.3 | Q35: 156.9 | R35: =IF(S35=0,0,IF(P35=0,1,IF(Q35<0,0,IF(Q35/P35>1.2,IF((Q35/P35-1.2)*0.1+1.2>1.3,1.3,(Q35/P35-1.2)*0.1+1.2),Q35/P35)))) -> 1.185941 | S35: 10 | T35: 18916.4 | U35: 15043.46 | V35: =IF(W35=0,0,IF(T35=0,1,IF(U35<0,0,IF(U35/T35>1.2,IF((U35/T35-1.2)*0.1+1.2>1.3,1.3,(U35/T35-1.2)*0.1+1.2),U35/T35)))) -> 0.7952602 | W35: 10 | X35: 12520.2 | Y35: 8410.109 | Z35: =IF(AA35=0,0,IF(X35=0,1,IF(Y35<0,0,IF(Y35/X35>1.2,IF((Y35/X35-1.2)*0.1+1.2>1.3,1.3,(Y35/X35-1.2)*0.1+1.2),Y35/X35)))) -> 0.67172322 | AA35: 10 | AB35: 2218 | AC35: 2599 | AD35: =IF(AE35=0,0,IF(AB35=0,1,IF(AC35<0,0,IF(AC35/AB35>1.2,IF((AC35/AB35-1.2)*0.1+1.2>1.3,1.3,(AC35/AB35-1.2)*0.1+1.2),AC35/AB35)))) -> 1.1717764 | AE35: 12 | AF35: =(B35*C35+F35*G35+J35*K35+N35*O35+R35*S35+V35*W35+Z35*AA35+AD35*AE35)/(C35+G35+K35+O35+S35+W35+AA35+AE35) -> 0.97183004 | AG35: 54391 | AH35: =ROUND(AF35*AG35,1) -> 52858.8 | AI35: =AH35-AG35 -> -1532.2 | AJ35: 1297.7 | AL35: =AH35-AJ35-AK35 -> 51561.1 | AM35: 3563.5 | AO35: 3563.4 | AQ35: 5496.6 | AR35: 6103.3 | AS35: 4162.5 | AT35: 4558.1 | AU35: 1334.9 | AV35: 4297.2 | AW35: 4297.2 | AX35: 9265.9 | AY35: 6369.7 | AZ35: =ROUND(AL35-SUM(AM35:AY35),1) -> -1451.2 | BE35: =IF(AND(AZ35>0,OR(BA35="+",BB35="+",BC35="+",BD35="+")),0,AZ35) -> -1451.2
A36: Красноярский | B36: 1 | C36: 10 | D36: 38916 | E36: 42321.434 | F36: =IF(G36=0,0,IF(D36=0,1,IF(E36<0,0,IF(E36/D36>1.2,IF((E36/D36-1.2)*0.1+1.2>1.3,1.3,(E36/D36-1.2)*0.1+1.2),E36/D36)))) -> 1.0875073 | G36: 10 | H36: 160 | I36: 172 | J36: =IF(K36=0,0,IF(H36=0,1,IF(I36<0,0,IF(I36/H36>1.2,IF((I36/H36-1.2)*0.1+1.2>1.3,1.3,(I36/H36-1.2)*0.1+1.2),I36/H36)))) -> 1.075 | K36: 15 | L36: 137831 | M36: 143790 | N36: =IF(O36=0,0,IF(L36=0,1,IF(M36<0,0,IF(M36/L36>1.2,IF((M36/L36-1.2)*0.1+1.2>1.3,1.3,(M36/L36-1.2)*0.1+1.2),M36/L36)))) -> 1.0432341 | O36: 5 | P36: 70.3 | Q36: 92.1 | R36: =IF(S36=0,0,IF(P36=0,1,IF(Q36<0,0,IF(Q36/P36>1.2,IF((Q36/P36-1.2)*0.1+1.2>1.3,1.3,(Q36/P36-1.2)*0.1+1.2),Q36/P36)))) -> 1.21101 | S36: 10 | T36: 18254.4 | U36: 19020.33 | V36: =IF(W36=0,0,IF(T36=0,1,IF(U36<0,0,IF(U36/T36>1.2,IF((U36/T36-1.2)*0.1+1.2>1.3,1.3,(U36/T36-1.2)*0.1+1.2),U36/T36)))) -> 1.0419587 | W36: 10 | X36: 4230 | Y36: 4144.798 | Z36: =IF(AA36=0,0,IF(X36=0,1,IF(Y36<0,0,IF(Y36/X36>1.2,IF((Y36/X36-1.2)*0.1+1.2>1.3,1.3,(Y36/X36-1.2)*0.1+1.2),Y36/X36)))) -> 0.97985768 | AA36: 10 | AB36: 10736 | AC36: 12136 | AD36: =IF(AE36=0,0,IF(AB36=0,1,IF(AC36<0,0,IF(AC36/AB36>1.2,IF((AC36/AB36-1.2)*0.1+1.2>1.3,1.3,(AC36/AB36-1.2)*0.1+1.2),AC36/AB36)))) -> 1.1304024 | AE36: 12 | AF36: =(B36*C36+F36*G36+J36*K36+N36*O36+R36*S36+V36*W36+Z36*AA36+AD36*AE36)/(C36+G36+K36+O36+S36+W36+AA36+AE36) -> 1.0745041 | AG36: 66557 | AH36: =ROUND(AF36*AG36,1) -> 71515.8 | AI36: =AH36-AG36 -> 4958.8 | AJ36: 0 | AL36: =AH36-AJ36-AK36 -> 71515.8 | AM36: 5714.7 | AO36: 5714.8 | AQ36: 4642 | AR36: 6084 | AS36: 5538.9 | AT36: 6712.8 | AU36: 4608.4 | AV36: 5573.6 | AW36: 5573.6 | AX36: 12679.4 | AY36: 10347.4 | AZ36: =ROUND(AL36-SUM(AM36:AY36),1) -> -1673.8 | BE36: =IF(AND(AZ36>0,OR(BA36="+",BB36="+",BC36="+",BD36="+")),0,AZ36) -> -1673.8
A37: Нефтегорский | B37: 1 | C37: 10 | D37: 17314 | E37: 18176.734 | F37: =IF(G37=0,0,IF(D37=0,1,IF(E37<0,0,IF(E37/D37>1.2,IF((E37/D37-1.2)*0.1+1.2>1.3,1.3,(E37/D37-1.2)*0.1+1.2),E37/D37)))) -> 1.0498287 | G37: 10 | H37: 160 | I37: 192 | J37: =IF(K37=0,0,IF(H37=0,1,IF(I37<0,0,IF(I37/H37>1.2,IF((I37/H37-1.2)*0.1+1.2>1.3,1.3,(I37/H37-1.2)*0.1+1.2),I37/H37)))) -> 1.2 | K37: 15 | L37: 11580 | M37: 6531 | N37: =IF(O37=0,0,IF(L37=0,1,IF(M37<0,0,IF(M37/L37>1.2,IF((M37/L37-1.2)*0.1+1.2>1.3,1.3,(M37/L37-1.2)*0.1+1.2),M37/L37)))) -> 0.56398964 | O37: 5 | P37: 82 | Q37: 110.4 | R37: =IF(S37=0,0,IF(P37=0,1,IF(Q37<0,0,IF(Q37/P37>1.2,IF((Q37/P37-1.2)*0.1+1.2>1.3,1.3,(Q37/P37-1.2)*0.1+1.2),Q37/P37)))) -> 1.2146341 | S37: 10 | T37: 9414.6 | U37: 9753.735 | V37: =IF(W37=0,0,IF(T37=0,1,IF(U37<0,0,IF(U37/T37>1.2,IF((U37/T37-1.2)*0.1+1.2>1.3,1.3,(U37/T37-1.2)*0.1+1.2),U37/T37)))) -> 1.0360222 | W37: 10 | X37: 2820.8 | Y37: 2829.952 | Z37: =IF(AA37=0,0,IF(X37=0,1,IF(Y37<0,0,IF(Y37/X37>1.2,IF((Y37/X37-1.2)*0.1+1.2>1.3,1.3,(Y37/X37-1.2)*0.1+1.2),Y37/X37)))) -> 1.0032445 | AA37: 10 | AB37: 2075 | AC37: 2613 | AD37: =IF(AE37=0,0,IF(AB37=0,1,IF(AC37<0,0,IF(AC37/AB37>1.2,IF((AC37/AB37-1.2)*0.1+1.2>1.3,1.3,(AC37/AB37-1.2)*0.1+1.2),AC37/AB37)))) -> 1.2059277 | AE37: 12 | AF37: =(B37*C37+F37*G37+J37*K37+N37*O37+R37*S37+V37*W37+Z37*AA37+AD37*AE37)/(C37+G37+K37+O37+S37+W37+AA37+AE37) -> 1.0771753 | AG37: 47367 | AH37: =ROUND(AF37*AG37,1) -> 51022.6 | AI37: =AH37-AG37 -> 3655.6 | AJ37: 0 | AL37: =AH37-AJ37-AK37 -> 51022.6 | AM37: 4099.1 | AO37: 4099.1 | AQ37: 3982 | AR37: 4257.7 | AS37: 4109.5 | AT37: 4200.9 | AU37: 2249 | AV37: 3856.8 | AW37: 5268.4 | AX37: 7924.9 | AY37: 6851.5 | AZ37: =ROUND(AL37-SUM(AM37:AY37),1) -> 123.7 | BE37: =IF(AND(AZ37>0,OR(BA37="+",BB37="+",BC37="+",BD37="+")),0,AZ37) -> 123.7
A38: Пестравский | B38: 1 | C38: 10 | D38: 5151 | E38: 6125.825 | F38: =IF(G38=0,0,IF(D38=0,1,IF(E38<0,0,IF(E38/D38>1.2,IF((E38/D38-1.2)*0.1+1.2>1.3,1.3,(E38/D38-1.2)*0.1+1.2),E38/D38)))) -> 1.1892497 | G38: 10 | H38: 160 | I38: 159 | J38: =IF(K38=0,0,IF(H38=0,1,IF(I38<0,0,IF(I38/H38>1.2,IF((I38/H38-1.2)*0.1+1.2>1.3,1.3,(I38/H38-1.2)*0.1+1.2),I38/H38)))) -> 0.99375 | K38: 15 | L38: 4480 | M38: 2852 | N38: =IF(O38=0,0,IF(L38=0,1,IF(M38<0,0,IF(M38/L38>1.2,IF((M38/L38-1.2)*0.1+1.2>1.3,1.3,(M38/L38-1.2)*0.1+1.2),M38/L38)))) -> 0.63660714 | O38: 5 | P38: 128.7 | Q38: 132.9 | R38: =IF(S38=0,0,IF(P38=0,1,IF(Q38<0,0,IF(Q38/P38>1.2,IF((Q38/P38-1.2)*0.1+1.2>1.3,1.3,(Q38/P38-1.2)*0.1+1.2),Q38/P38)))) -> 1.032634 | S38: 10 | T38: 7221.5 | U38: 7121.501 | V38: =IF(W38=0,0,IF(T38=0,1,IF(U38<0,0,IF(U38/T38>1.2,IF((U38/T38-1.2)*0.1+1.2>1.3,1.3,(U38/T38-1.2)*0.1+1.2),U38/T38)))) -> 0.9861526 | W38: 10 | X38: 2442.1 | Y38: 1566.22 | Z38: =IF(AA38=0,0,IF(X38=0,1,IF(Y38<0,0,IF(Y38/X38>1.2,IF((Y38/X38-1.2)*0.1+1.2>1.3,1.3,(Y38/X38-1.2)*0.1+1.2),Y38/X38)))) -> 0.64134147 | AA38: 10 | AB38: 2426 | AC38: 2374 | AD38: =IF(AE38=0,0,IF(AB38=0,1,IF(AC38<0,0,IF(AC38/AB38>1.2,IF((AC38/AB38-1.2)*0.1+1.2>1.3,1.3,(AC38/AB38-1.2)*0.1+1.2),AC38/AB38)))) -> 0.97856554 | AE38: 12 | AF38: =(B38*C38+F38*G38+J38*K38+N38*O38+R38*S38+V38*W38+Z38*AA38+AD38*AE38)/(C38+G38+K38+O38+S38+W38+AA38+AE38) -> 0.95519329 | AG38: 26530 | AH38: =ROUND(AF38*AG38,1) -> 25341.3 | AI38: =AH38-AG38 -> -1188.7 | AJ38: 0 | AL38: =AH38-AJ38-AK38 -> 25341.3 | AM38: 2288.5 | AO38: 2288.4 | AQ38: 2419.1 | AR38: 2579.9 | AS38: 2394.1 | AT38: 2596 | AU38: 1496.2 | AV38: 2294.6 | AW38: 2294.6 | AX38: 2423.6 | AY38: 3675.8 | AZ38: =ROUND(AL38-SUM(AM38:AY38),1) -> -1409.5 | BE38: =IF(AND(AZ38>0,OR(BA38="+",BB38="+",BC38="+",BD38="+")),0,AZ38) -> -1409.5
A39: Похвистневский | B39: 1 | C39: 10 | D39: 6233 | E39: 6682.237 | F39: =IF(G39=0,0,IF(D39=0,1,IF(E39<0,0,IF(E39/D39>1.2,IF((E39/D39-1.2)*0.1+1.2>1.3,1.3,(E39/D39-1.2)*0.1+1.2),E39/D39)))) -> 1.072074 | G39: 10 | H39: 160 | I39: 187 | J39: =IF(K39=0,0,IF(H39=0,1,IF(I39<0,0,IF(I39/H39>1.2,IF((I39/H39-1.2)*0.1+1.2>1.3,1.3,(I39/H39-1.2)*0.1+1.2),I39/H39)))) -> 1.16875 | K39: 15 | L39: 24609 | M39: 4280 | N39: =IF(O39=0,0,IF(L39=0,1,IF(M39<0,0,IF(M39/L39>1.2,IF((M39/L39-1.2)*0.1+1.2>1.3,1.3,(M39/L39-1.2)*0.1+1.2),M39/L39)))) -> 0.17392011 | O39: 5 | P39: 86.7 | Q39: 91.4 | R39: =IF(S39=0,0,IF(P39=0,1,IF(Q39<0,0,IF(Q39/P39>1.2,IF((Q39/P39-1.2)*0.1+1.2>1.3,1.3,(Q39/P39-1.2)*0.1+1.2),Q39/P39)))) -> 1.0542099 | S39: 10 | T39: 20394 | U39: 19545 | V39: =IF(W39=0,0,IF(T39=0,1,IF(U39<0,0,IF(U39/T39>1.2,IF((U39/T39-1.2)*0.1+1.2>1.3,1.3,(U39/T39-1.2)*0.1+1.2),U39/T39)))) -> 0.95837011 | W39: 10 | X39: 2550 | Y39: 2551 | Z39: =IF(AA39=0,0,IF(X39=0,1,IF(Y39<0,0,IF(Y39/X39>1.2,IF((Y39/X39-1.2)*0.1+1.2>1.3,1.3,(Y39/X39-1.2)*0.1+1.2),Y39/X39)))) -> 1.0003922 | AA39: 10 | AB39: 2237 | AC39: 2673 | AD39: =IF(AE39=0,0,IF(AB39=0,1,IF(AC39<0,0,IF(AC39/AB39>1.2,IF((AC39/AB39-1.2)*0.1+1.2>1.3,1.3,(AC39/AB39-1.2)*0.1+1.2),AC39/AB39)))) -> 1.1949039 | AE39: 12 | AF39: =(B39*C39+F39*G39+J39*K39+N39*O39+R39*S39+V39*W39+Z39*AA39+AD39*AE39)/(C39+G39+K39+O39+S39+W39+AA39+AE39) -> 1.0193922 | AG39: 65214 | AH39: =ROUND(AF39*AG39,1) -> 66478.6 | AI39: =AH39-AG39 -> 1264.6 | AJ39: 4271.7 | AL39: =AH39-AJ39-AK39 -> 62206.9 | AM39: 5501.5 | AO39: 5501.4 | AQ39: 5651.7 | AR39: 6070.6 | AS39: 3972.6 | AT39: 4494.8 | AU39: 5916.6 | AV39: 5911.5 | AW39: 5911.6 | AX39: 7401.3 | AY39: 8623.1 | AZ39: =ROUND(AL39-SUM(AM39:AY39),1) -> -2749.8 | BE39: =IF(AND(AZ39>0,OR(BA39="+",BB39="+",BC39="+",BD39="+")),0,AZ39) -> -2749.8
A40: Приволжский | B40: 1 | C40: 10 | D40: 7527 | E40: 8624.774 | F40: =IF(G40=0,0,IF(D40=0,1,IF(E40<0,0,IF(E40/D40>1.2,IF((E40/D40-1.2)*0.1+1.2>1.3,1.3,(E40/D40-1.2)*0.1+1.2),E40/D40)))) -> 1.1458448 | G40: 10 | H40: 190 | I40: 178 | J40: =IF(K40=0,0,IF(H40=0,1,IF(I40<0,0,IF(I40/H40>1.2,IF((I40/H40-1.2)*0.1+1.2>1.3,1.3,(I40/H40-1.2)*0.1+1.2),I40/H40)))) -> 0.93684211 | K40: 15 | L40: 8073 | M40: 4825 | N40: =IF(O40=0,0,IF(L40=0,1,IF(M40<0,0,IF(M40/L40>1.2,IF((M40/L40-1.2)*0.1+1.2>1.3,1.3,(M40/L40-1.2)*0.1+1.2),M40/L40)))) -> 0.59767125 | O40: 5 | P40: 85.5 | Q40: 82.9 | R40: =IF(S40=0,0,IF(P40=0,1,IF(Q40<0,0,IF(Q40/P40>1.2,IF((Q40/P40-1.2)*0.1+1.2>1.3,1.3,(Q40/P40-1.2)*0.1+1.2),Q40/P40)))) -> 0.96959064 | S40: 10 | T40: 10125.8 | U40: 10125.8 | V40: =IF(W40=0,0,IF(T40=0,1,IF(U40<0,0,IF(U40/T40>1.2,IF((U40/T40-1.2)*0.1+1.2>1.3,1.3,(U40/T40-1.2)*0.1+1.2),U40/T40)))) -> 1 | W40: 10 | X40: 2500 | Y40: 2499.934 | Z40: =IF(AA40=0,0,IF(X40=0,1,IF(Y40<0,0,IF(Y40/X40>1.2,IF((Y40/X40-1.2)*0.1+1.2>1.3,1.3,(Y40/X40-1.2)*0.1+1.2),Y40/X40)))) -> 0.9999736 | AA40: 10 | AB40: 2290 | AC40: 2953 | AD40: =IF(AE40=0,0,IF(AB40=0,1,IF(AC40<0,0,IF(AC40/AB40>1.2,IF((AC40/AB40-1.2)*0.1+1.2>1.3,1.3,(AC40/AB40-1.2)*0.1+1.2),AC40/AB40)))) -> 1.208952 | AE40: 12 | AF40: =(B40*C40+F40*G40+J40*K40+N40*O40+R40*S40+V40*W40+Z40*AA40+AD40*AE40)/(C40+G40+K40+O40+S40+W40+AA40+AE40) -> 1.0085671 | AG40: 59174 | AH40: =ROUND(AF40*AG40,1) -> 59680.9 | AI40: =AH40-AG40 -> 506.9 | AJ40: 0 | AL40: =AH40-AJ40-AK40 -> 59680.9 | AM40: 4176.7 | AO40: 4176.8 | AQ40: 5250.1 | AR40: 6261.6 | AS40: 4966.3 | AT40: 5530.6 | AU40: 830.4 | AV40: 4456.1 | AW40: 4456 | AX40: 10282.1 | AY40: 7268 | AZ40: =ROUND(AL40-SUM(AM40:AY40),1) -> 2026.2 | BE40: =IF(AND(AZ40>0,OR(BA40="+",BB40="+",BC40="+",BD40="+")),0,AZ40) -> 2026.2
A41: Сергиевский | B41: 1 | C41: 10 | D41: 21020 | E41: 23798.896 | F41: =IF(G41=0,0,IF(D41=0,1,IF(E41<0,0,IF(E41/D41>1.2,IF((E41/D41-1.2)*0.1+1.2>1.3,1.3,(E41/D41-1.2)*0.1+1.2),E41/D41)))) -> 1.1322025 | G41: 10 | H41: 168 | I41: 191.2 | J41: =IF(K41=0,0,IF(H41=0,1,IF(I41<0,0,IF(I41/H41>1.2,IF((I41/H41-1.2)*0.1+1.2>1.3,1.3,(I41/H41-1.2)*0.1+1.2),I41/H41)))) -> 1.1380952 | K41: 15 | L41: 22643 | M41: 24033 | N41: =IF(O41=0,0,IF(L41=0,1,IF(M41<0,0,IF(M41/L41>1.2,IF((M41/L41-1.2)*0.1+1.2>1.3,1.3,(M41/L41-1.2)*0.1+1.2),M41/L41)))) -> 1.0613876 | O41: 5 | P41: 115.7 | Q41: 116.9 | R41: =IF(S41=0,0,IF(P41=0,1,IF(Q41<0,0,IF(Q41/P41>1.2,IF((Q41/P41-1.2)*0.1+1.2>1.3,1.3,(Q41/P41-1.2)*0.1+1.2),Q41/P41)))) -> 1.0103717 | S41: 10 | T41: 11233.9 | U41: 8731.704 | V41: =IF(W41=0,0,IF(T41=0,1,IF(U41<0,0,IF(U41/T41>1.2,IF((U41/T41-1.2)*0.1+1.2>1.3,1.3,(U41/T41-1.2)*0.1+1.2),U41/T41)))) -> 0.77726382 | W41: 10 | X41: 2405.9 | Y41: 1810.77 | Z41: =IF(AA41=0,0,IF(X41=0,1,IF(Y41<0,0,IF(Y41/X41>1.2,IF((Y41/X41-1.2)*0.1+1.2>1.3,1.3,(Y41/X41-1.2)*0.1+1.2),Y41/X41)))) -> 0.75263727 | AA41: 10 | AB41: 4439 | AC41: 5009 | AD41: =IF(AE41=0,0,IF(AB41=0,1,IF(AC41<0,0,IF(AC41/AB41>1.2,IF((AC41/AB41-1.2)*0.1+1.2>1.3,1.3,(AC41/AB41-1.2)*0.1+1.2),AC41/AB41)))) -> 1.1284073 | AE41: 12 | AF41: =(B41*C41+F41*G41+J41*K41+N41*O41+R41*S41+V41*W41+Z41*AA41+AD41*AE41)/(C41+G41+K41+O41+S41+W41+AA41+AE41) -> 1.0078537 | AG41: 61497 | AH41: =ROUND(AF41*AG41,1) -> 61980 | AI41: =AH41-AG41 -> 483 | AJ41: 4194.6 | AL41: =AH41-AJ41-AK41 -> 57785.4 | AM41: 5362 | AO41: 5362 | AQ41: 5739.4 | AR41: 5605.2 | AS41: 3839.4 | AT41: 3949.9 | AU41: 6563.9 | AV41: 5802.3 | AW41: 5802.4 | AX41: 6409.1 | AY41: 8613 | AZ41: =ROUND(AL41-SUM(AM41:AY41),1) -> -5263.2 | BE41: =IF(AND(AZ41>0,OR(BA41="+",BB41="+",BC41="+",BD41="+")),0,AZ41) -> -5263.2
A42: Ставропольский | B42: 1 | C42: 10 | D42: 63244 | E42: 65870.95 | F42: =IF(G42=0,0,IF(D42=0,1,IF(E42<0,0,IF(E42/D42>1.2,IF((E42/D42-1.2)*0.1+1.2>1.3,1.3,(E42/D42-1.2)*0.1+1.2),E42/D42)))) -> 1.0415367 | G42: 10 | H42: 160 | I42: 156 | J42: =IF(K42=0,0,IF(H42=0,1,IF(I42<0,0,IF(I42/H42>1.2,IF((I42/H42-1.2)*0.1+1.2>1.3,1.3,(I42/H42-1.2)*0.1+1.2),I42/H42)))) -> 0.975 | K42: 15 | L42: 210814 | M42: 254562 | N42: =IF(O42=0,0,IF(L42=0,1,IF(M42<0,0,IF(M42/L42>1.2,IF((M42/L42-1.2)*0.1+1.2>1.3,1.3,(M42/L42-1.2)*0.1+1.2),M42/L42)))) -> 1.2007519 | O42: 5 | P42: 157 | Q42: 165.5 | R42: =IF(S42=0,0,IF(P42=0,1,IF(Q42<0,0,IF(Q42/P42>1.2,IF((Q42/P42-1.2)*0.1+1.2>1.3,1.3,(Q42/P42-1.2)*0.1+1.2),Q42/P42)))) -> 1.0541401 | S42: 10 | T42: 32094.4 | U42: 32672.3 | V42: =IF(W42=0,0,IF(T42=0,1,IF(U42<0,0,IF(U42/T42>1.2,IF((U42/T42-1.2)*0.1+1.2>1.3,1.3,(U42/T42-1.2)*0.1+1.2),U42/T42)))) -> 1.0180063 | W42: 10 | X42: 3237 | Y42: 3283.515 | Z42: =IF(AA42=0,0,IF(X42=0,1,IF(Y42<0,0,IF(Y42/X42>1.2,IF((Y42/X42-1.2)*0.1+1.2>1.3,1.3,(Y42/X42-1.2)*0.1+1.2),Y42/X42)))) -> 1.0143698 | AA42: 10 | AB42: 14079 | AC42: 17836 | AD42: =IF(AE42=0,0,IF(AB42=0,1,IF(AC42<0,0,IF(AC42/AB42>1.2,IF((AC42/AB42-1.2)*0.1+1.2>1.3,1.3,(AC42/AB42-1.2)*0.1+1.2),AC42/AB42)))) -> 1.2066851 | AE42: 12 | AF42: =(B42*C42+F42*G42+J42*K42+N42*O42+R42*S42+V42*W42+Z42*AA42+AD42*AE42)/(C42+G42+K42+O42+S42+W42+AA42+AE42) -> 1.0535306 | AG42: 98791 | AH42: =ROUND(AF42*AG42,1) -> 104079.3 | AI42: =AH42-AG42 -> 5288.3 | AJ42: 0 | AL42: =AH42-AJ42-AK42 -> 104079.3 | AM42: 7919.4 | AO42: 7919.3 | AQ42: 6175.5 | AR42: 10526.9 | AS42: 8135.3 | AT42: 10342.7 | AU42: 5017.4 | AV42: 8005.2 | AW42: 8005.3 | AX42: 13726.3 | AY42: 12223.8 | AZ42: =ROUND(AL42-SUM(AM42:AY42),1) -> 6082.2 | BE42: =IF(AND(AZ42>0,OR(BA42="+",BB42="+",BC42="+",BD42="+")),0,AZ42) -> 6082.2
A43: Сызранский | B43: 1 | C43: 10 | D43: 11058 | E43: 11755.589 | F43: =IF(G43=0,0,IF(D43=0,1,IF(E43<0,0,IF(E43/D43>1.2,IF((E43/D43-1.2)*0.1+1.2>1.3,1.3,(E43/D43-1.2)*0.1+1.2),E43/D43)))) -> 1.0630846 | G43: 10 | H43: 190 | I43: 195.09 | J43: =IF(K43=0,0,IF(H43=0,1,IF(I43<0,0,IF(I43/H43>1.2,IF((I43/H43-1.2)*0.1+1.2>1.3,1.3,(I43/H43-1.2)*0.1+1.2),I43/H43)))) -> 1.0267895 | K43: 15 | L43: 18368 | M43: 13507 | N43: =IF(O43=0,0,IF(L43=0,1,IF(M43<0,0,IF(M43/L43>1.2,IF((M43/L43-1.2)*0.1+1.2>1.3,1.3,(M43/L43-1.2)*0.1+1.2),M43/L43)))) -> 0.73535497 | O43: 5 | P43: 62.4 | Q43: 63.7 | R43: =IF(S43=0,0,IF(P43=0,1,IF(Q43<0,0,IF(Q43/P43>1.2,IF((Q43/P43-1.2)*0.1+1.2>1.3,1.3,(Q43/P43-1.2)*0.1+1.2),Q43/P43)))) -> 1.0208333 | S43: 10 | T43: 11373.4 | U43: 13865.52 | V43: =IF(W43=0,0,IF(T43=0,1,IF(U43<0,0,IF(U43/T43>1.2,IF((U43/T43-1.2)*0.1+1.2>1.3,1.3,(U43/T43-1.2)*0.1+1.2),U43/T43)))) -> 1.2019118 | W43: 10 | X43: 3291.5 | Y43: 3124.486 | Z43: =IF(AA43=0,0,IF(X43=0,1,IF(Y43<0,0,IF(Y43/X43>1.2,IF((Y43/X43-1.2)*0.1+1.2>1.3,1.3,(Y43/X43-1.2)*0.1+1.2),Y43/X43)))) -> 0.949259 | AA43: 10 | AB43: 3027 | AC43: 3592 | AD43: =IF(AE43=0,0,IF(AB43=0,1,IF(AC43<0,0,IF(AC43/AB43>1.2,IF((AC43/AB43-1.2)*0.1+1.2>1.3,1.3,(AC43/AB43-1.2)*0.1+1.2),AC43/AB43)))) -> 1.1866535 | AE43: 12 | AF43: =(B43*C43+F43*G43+J43*K43+N43*O43+R43*S43+V43*W43+Z43*AA43+AD43*AE43)/(C43+G43+K43+O43+S43+W43+AA43+AE43) -> 1.0447481 | AG43: 51125 | AH43: =ROUND(AF43*AG43,1) -> 53412.7 | AI43: =AH43-AG43 -> 2287.7 | AJ43: 2271.8 | AL43: =AH43-AJ43-AK43 -> 51140.9 | AM43: 3688.4 | AN43: 7376.8 | AO43: 0 | AQ43: 0 | AR43: 4942 | AS43: 3093.1 | AT43: 4011.7 | AU43: 1870.4 | AV43: 3893.5 | AW43: 3893.5 | AX43: 11633.7 | AY43: 7079.5 | AZ43: =ROUND(AL43-SUM(AM43:AY43),1) -> -341.7 | BE43: =IF(AND(AZ43>0,OR(BA43="+",BB43="+",BC43="+",BD43="+")),0,AZ43) -> -341.7
A44: Хворостянский | B44: 1 | C44: 10 | D44: 4711 | E44: 4987.366 | F44: =IF(G44=0,0,IF(D44=0,1,IF(E44<0,0,IF(E44/D44>1.2,IF((E44/D44-1.2)*0.1+1.2>1.3,1.3,(E44/D44-1.2)*0.1+1.2),E44/D44)))) -> 1.058664 | G44: 10 | H44: 190 | I44: 192.2 | J44: =IF(K44=0,0,IF(H44=0,1,IF(I44<0,0,IF(I44/H44>1.2,IF((I44/H44-1.2)*0.1+1.2>1.3,1.3,(I44/H44-1.2)*0.1+1.2),I44/H44)))) -> 1.0115789 | K44: 15 | L44: 3917 | M44: 3294 | N44: =IF(O44=0,0,IF(L44=0,1,IF(M44<0,0,IF(M44/L44>1.2,IF((M44/L44-1.2)*0.1+1.2>1.3,1.3,(M44/L44-1.2)*0.1+1.2),M44/L44)))) -> 0.84094971 | O44: 5 | P44: 130.1 | Q44: 132.8 | R44: =IF(S44=0,0,IF(P44=0,1,IF(Q44<0,0,IF(Q44/P44>1.2,IF((Q44/P44-1.2)*0.1+1.2>1.3,1.3,(Q44/P44-1.2)*0.1+1.2),Q44/P44)))) -> 1.0207533 | S44: 10 | T44: 26922.7 | U44: 25481.26 | V44: =IF(W44=0,0,IF(T44=0,1,IF(U44<0,0,IF(U44/T44>1.2,IF((U44/T44-1.2)*0.1+1.2>1.3,1.3,(U44/T44-1.2)*0.1+1.2),U44/T44)))) -> 0.94646005 | W44: 10 | X44: 3744.9 | Y44: 3395.389 | Z44: =IF(AA44=0,0,IF(X44=0,1,IF(Y44<0,0,IF(Y44/X44>1.2,IF((Y44/X44-1.2)*0.1+1.2>1.3,1.3,(Y44/X44-1.2)*0.1+1.2),Y44/X44)))) -> 0.90667014 | AA44: 10 | AB44: 1702 | AC44: 2063 | AD44: =IF(AE44=0,0,IF(AB44=0,1,IF(AC44<0,0,IF(AC44/AB44>1.2,IF((AC44/AB44-1.2)*0.1+1.2>1.3,1.3,(AC44/AB44-1.2)*0.1+1.2),AC44/AB44)))) -> 1.2012103 | AE44: 12 | AF44: =(B44*C44+F44*G44+J44*K44+N44*O44+R44*S44+V44*W44+Z44*AA44+AD44*AE44)/(C44+G44+K44+O44+S44+W44+AA44+AE44) -> 1.0136394 | AG44: 46844 | AH44: =ROUND(AF44*AG44,1) -> 47482.9 | AI44: =AH44-AG44 -> 638.9 | AJ44: 505.2 | AL44: =AH44-AJ44-AK44 -> 46977.7 | AM44: 3399.3 | AO44: 3399.2 | AQ44: 4115.1 | AR44: 3980 | AS44: 3521.3 | AT44: 3731.4 | AU44: 3779.7 | AV44: 3775.8 | AW44: 3775.9 | AX44: 8250.6 | AY44: 5560.9 | AZ44: =ROUND(AL44-SUM(AM44:AY44),1) -> -311.5 | BE44: =IF(AND(AZ44>0,OR(BA44="+",BB44="+",BC44="+",BD44="+")),0,AZ44) -> -311.5
A45: Челно-Вершинский | B45: 1 | C45: 10 | D45: 4855 | E45: 5502.932 | F45: =IF(G45=0,0,IF(D45=0,1,IF(E45<0,0,IF(E45/D45>1.2,IF((E45/D45-1.2)*0.1+1.2>1.3,1.3,(E45/D45-1.2)*0.1+1.2),E45/D45)))) -> 1.1334566 | G45: 10 | H45: 190 | I45: 190 | J45: =IF(K45=0,0,IF(H45=0,1,IF(I45<0,0,IF(I45/H45>1.2,IF((I45/H45-1.2)*0.1+1.2>1.3,1.3,(I45/H45-1.2)*0.1+1.2),I45/H45)))) -> 1 | K45: 15 | L45: 4578 | M45: 1094 | N45: =IF(O45=0,0,IF(L45=0,1,IF(M45<0,0,IF(M45/L45>1.2,IF((M45/L45-1.2)*0.1+1.2>1.3,1.3,(M45/L45-1.2)*0.1+1.2),M45/L45)))) -> 0.23896898 | O45: 5 | P45: 64.7 | Q45: 67.2 | R45: =IF(S45=0,0,IF(P45=0,1,IF(Q45<0,0,IF(Q45/P45>1.2,IF((Q45/P45-1.2)*0.1+1.2>1.3,1.3,(Q45/P45-1.2)*0.1+1.2),Q45/P45)))) -> 1.0386399 | S45: 10 | T45: 15408.7 | U45: 18307.39 | V45: =IF(W45=0,0,IF(T45=0,1,IF(U45<0,0,IF(U45/T45>1.2,IF((U45/T45-1.2)*0.1+1.2>1.3,1.3,(U45/T45-1.2)*0.1+1.2),U45/T45)))) -> 1.1881203 | W45: 10 | X45: 5242.8 | Y45: 3628.821 | Z45: =IF(AA45=0,0,IF(X45=0,1,IF(Y45<0,0,IF(Y45/X45>1.2,IF((Y45/X45-1.2)*0.1+1.2>1.3,1.3,(Y45/X45-1.2)*0.1+1.2),Y45/X45)))) -> 0.69215324 | AA45: 10 | AB45: 1220 | AC45: 1581 | AD45: =IF(AE45=0,0,IF(AB45=0,1,IF(AC45<0,0,IF(AC45/AB45>1.2,IF((AC45/AB45-1.2)*0.1+1.2>1.3,1.3,(AC45/AB45-1.2)*0.1+1.2),AC45/AB45)))) -> 1.2095902 | AE45: 12 | AF45: =(B45*C45+F45*G45+J45*K45+N45*O45+R45*S45+V45*W45+Z45*AA45+AD45*AE45)/(C45+G45+K45+O45+S45+W45+AA45+AE45) -> 0.990654 | AG45: 37094 | AH45: =ROUND(AF45*AG45,1) -> 36747.3 | AI45: =AH45-AG45 -> -346.7 | AJ45: 3813.5 | AL45: =AH45-AJ45-AK45 -> 32933.8 | AM45: 2975.5 | AO45: 3123.2 | AQ45: 3510.1 | AR45: 4129 | AS45: 1909.1 | AT45: 2318.9 | AU45: 1374.8 | AV45: 3307.7 | AW45: 3307.7 | AX45: 3349.1 | AY45: 4927.2 | AZ45: =ROUND(AL45-SUM(AM45:AY45),1) -> -1298.5 | BE45: =IF(AND(AZ45>0,OR(BA45="+",BB45="+",BC45="+",BD45="+")),0,AZ45) -> -1298.5
A46: Шенталинский | B46: 1 | C46: 10 | D46: 7279 | E46: 7581.14 | F46: =IF(G46=0,0,IF(D46=0,1,IF(E46<0,0,IF(E46/D46>1.2,IF((E46/D46-1.2)*0.1+1.2>1.3,1.3,(E46/D46-1.2)*0.1+1.2),E46/D46)))) -> 1.0415084 | G46: 10 | H46: 167 | I46: 177 | J46: =IF(K46=0,0,IF(H46=0,1,IF(I46<0,0,IF(I46/H46>1.2,IF((I46/H46-1.2)*0.1+1.2>1.3,1.3,(I46/H46-1.2)*0.1+1.2),I46/H46)))) -> 1.0598802 | K46: 15 | L46: 6372 | M46: 1342 | N46: =IF(O46=0,0,IF(L46=0,1,IF(M46<0,0,IF(M46/L46>1.2,IF((M46/L46-1.2)*0.1+1.2>1.3,1.3,(M46/L46-1.2)*0.1+1.2),M46/L46)))) -> 0.21060891 | O46: 5 | P46: 25.6 | Q46: 30.8 | R46: =IF(S46=0,0,IF(P46=0,1,IF(Q46<0,0,IF(Q46/P46>1.2,IF((Q46/P46-1.2)*0.1+1.2>1.3,1.3,(Q46/P46-1.2)*0.1+1.2),Q46/P46)))) -> 1.2003125 | S46: 10 | T46: 13490.6 | U46: 13067.83 | V46: =IF(W46=0,0,IF(T46=0,1,IF(U46<0,0,IF(U46/T46>1.2,IF((U46/T46-1.2)*0.1+1.2>1.3,1.3,(U46/T46-1.2)*0.1+1.2),U46/T46)))) -> 0.96866188 | W46: 10 | X46: 2620 | Y46: 2026.124 | Z46: =IF(AA46=0,0,IF(X46=0,1,IF(Y46<0,0,IF(Y46/X46>1.2,IF((Y46/X46-1.2)*0.1+1.2>1.3,1.3,(Y46/X46-1.2)*0.1+1.2),Y46/X46)))) -> 0.77332977 | AA46: 10 | AB46: 1483 | AC46: 1675 | AD46: =IF(AE46=0,0,IF(AB46=0,1,IF(AC46<0,0,IF(AC46/AB46>1.2,IF((AC46/AB46-1.2)*0.1+1.2>1.3,1.3,(AC46/AB46-1.2)*0.1+1.2),AC46/AB46)))) -> 1.1294673 | AE46: 12 | AF46: =(B46*C46+F46*G46+J46*K46+N46*O46+R46*S46+V46*W46+Z46*AA46+AD46*AE46)/(C46+G46+K46+O46+S46+W46+AA46+AE46) -> 0.97979246 | AG46: 37795 | AH46: =ROUND(AF46*AG46,1) -> 37031.3 | AI46: =AH46-AG46 -> -763.7 | AJ46: 3015.1 | AL46: =AH46-AJ46-AK46 -> 34016.2 | AM46: 2939 | AO46: 2939 | AQ46: 2994.8 | AR46: 3690.2 | AS46: 1934.7 | AT46: 2357.1 | AU46: 1655.9 | AV46: 3075.1 | AW46: 5086.8 | AX46: 3885.1 | AY46: 4733.7 | AZ46: =ROUND(AL46-SUM(AM46:AY46),1) -> -1275.2 | BE46: =IF(AND(AZ46>0,OR(BA46="+",BB46="+",BC46="+",BD46="+")),0,AZ46) -> -1275.2
A47: Шигонский | B47: 1 | C47: 10 | D47: 10833 | E47: 10876.05 | F47: =IF(G47=0,0,IF(D47=0,1,IF(E47<0,0,IF(E47/D47>1.2,IF((E47/D47-1.2)*0.1+1.2>1.3,1.3,(E47/D47-1.2)*0.1+1.2),E47/D47)))) -> 1.003974 | G47: 10 | H47: 160 | I47: 179 | J47: =IF(K47=0,0,IF(H47=0,1,IF(I47<0,0,IF(I47/H47>1.2,IF((I47/H47-1.2)*0.1+1.2>1.3,1.3,(I47/H47-1.2)*0.1+1.2),I47/H47)))) -> 1.11875 | K47: 15 | L47: 15373 | M47: 8161 | N47: =IF(O47=0,0,IF(L47=0,1,IF(M47<0,0,IF(M47/L47>1.2,IF((M47/L47-1.2)*0.1+1.2>1.3,1.3,(M47/L47-1.2)*0.1+1.2),M47/L47)))) -> 0.5308658 | O47: 5 | P47: 67.3 | Q47: 79.6 | R47: =IF(S47=0,0,IF(P47=0,1,IF(Q47<0,0,IF(Q47/P47>1.2,IF((Q47/P47-1.2)*0.1+1.2>1.3,1.3,(Q47/P47-1.2)*0.1+1.2),Q47/P47)))) -> 1.1827637 | S47: 10 | T47: 14228.7 | U47: 11976.48 | V47: =IF(W47=0,0,IF(T47=0,1,IF(U47<0,0,IF(U47/T47>1.2,IF((U47/T47-1.2)*0.1+1.2>1.3,1.3,(U47/T47-1.2)*0.1+1.2),U47/T47)))) -> 0.84171288 | W47: 10 | X47: 3435.7 | Y47: 2898.536 | Z47: =IF(AA47=0,0,IF(X47=0,1,IF(Y47<0,0,IF(Y47/X47>1.2,IF((Y47/X47-1.2)*0.1+1.2>1.3,1.3,(Y47/X47-1.2)*0.1+1.2),Y47/X47)))) -> 0.84365224 | AA47: 10 | AB47: 1503 | AC47: 1868 | AD47: =IF(AE47=0,0,IF(AB47=0,1,IF(AC47<0,0,IF(AC47/AB47>1.2,IF((AC47/AB47-1.2)*0.1+1.2>1.3,1.3,(AC47/AB47-1.2)*0.1+1.2),AC47/AB47)))) -> 1.2042848 | AE47: 12 | AF47: =(B47*C47+F47*G47+J47*K47+N47*O47+R47*S47+V47*W47+Z47*AA47+AD47*AE47)/(C47+G47+K47+O47+S47+W47+AA47+AE47) -> 1.0074149 | AG47: 62383 | AH47: =ROUND(AF47*AG47,1) -> 62845.6 | AI47: =AH47-AG47 -> 462.6 | AJ47: 2251.6 | AL47: =AH47-AJ47-AK47 -> 60594 | AM47: 4165.4 | AO47: 4165.3 | AQ47: 6257.2 | AR47: 7778.7 | AS47: 4691 | AT47: 5696.5 | AU47: 2021.6 | AV47: 5289.6 | AW47: 5289.6 | AX47: 8791.4 | AY47: 8448.5 | AZ47: =ROUND(AL47-SUM(AM47:AY47),1) -> -2000.8 | BE47: =IF(AND(AZ47>0,OR(BA47="+",BB47="+",BC47="+",BD47="+")),0,AZ47) -> -2000.8
A48: ИТОГО | D48: =D9+D20 -> 2186077 | E48: =E9+E20 -> 2209080.7 | F48: =IF(E48/D48>1.2,IF((E48/D48-1.2)*0.1+1.2>1.3,1.3,(E48/D48-1.2)*0.1+1.2),E48/D48) -> 1.0105228 | L48: =L9+L20 -> 2230659 | M48: =M9+M20 -> 1938185 | N48: =IF(M48/L48>1.2,IF((M48/L48-1.2)*0.1+1.2>1.3,1.3,(M48/L48-1.2)*0.1+1.2),M48/L48) -> 0.86888449 | P48: =P20 -> 2391.4 | Q48: =Q20 -> 2753 | R48: =IF(Q48/P48>1.2,IF((Q48/P48-1.2)*0.1+1.2>1.3,1.3,(Q48/P48-1.2)*0.1+1.2),Q48/P48) -> 1.1512085 | T48: =T20 -> 456807.4 | U48: =U20 -> 455195.62 | V48: =IF(U48/T48>1.2,IF((U48/T48-1.2)*0.1+1.2>1.3,1.3,(U48/T48-1.2)*0.1+1.2),U48/T48) -> 0.99647164 | X48: =X20 -> 135776.9 | Y48: =Y20 -> 141712.61 | Z48: =IF(Y48/X48>1.2,IF((Y48/X48-1.2)*0.1+1.2>1.3,1.3,(Y48/X48-1.2)*0.1+1.2),Y48/X48) -> 1.0437166 | AB48: =AB9+AB20 -> 678472 | AC48: =AC9+AC20 -> 718964 | AD48: =IF(AC48/AB48>1.2,IF((AC48/AB48-1.2)*0.1+1.2>1.3,1.3,(AC48/AB48-1.2)*0.1+1.2),AC48/AB48) -> 1.0596812 | AF48: =AH48/AG48 -> 0.99204487 | AG48: =AG9+AG20 -> 3279935 | AH48: =AH9+AH20 -> 3253842.7 | AI48: =AI9+AI20 -> -26092.3 | AJ48: =AJ9+AJ20 -> 129448.4 | AK48: =AK9+AK20 -> 3026.6 | AL48: =AL9+AL20 -> 3121367.7 | AM48: =AM9+AM20 -> 253744.5 | AN48: =AN9+AN20 -> 213621.2 | ... AZ48: =AZ9+AZ20 -> -76395.1 | BA48: =COUNTIF(BA10:BA47,"+") -> 0 | BB48: =COUNTIF(BB10:BB47,"+") -> 0 | BC48: =COUNTIF(BC10:BC47,"+") -> 0 | BD48: =COUNTIF(BD10:BD47,"+") -> 1 | BE48: =BE9+BE20 -> -76395.1
B50: * | D50: - на муниципальное образование распространяется соответствующее ограничение
C51: + | D51: - условие предоставления дотации не выполнено

Sheet Плюсы и минусы
A1: Факторный анализ влияния отдельных показателей на итоговое распределение за 2023 год
AA2: тыс. рублей
A3: Наименование муниципального образования | B3: +/- по итогам отчётного периода | C3: Отсутствие просроченной кредиторской задолженности бюджета городского округа, консолидированного бюджета городского округа с внутригородским делением, консолидированного бюджета муниципального района по состоянию на конец отчетного периода | F3: Объем алкогольной продукции, зафиксированный в единой государственной автоматизированной информационной системе | I3: Эффективность вовлечения объектов недвижимости в налоговый оборот | L3: Общая площадь введенного в эксплуатацию жилья с учетом индивидуального жилищного строительства | O3: Валовой сбор зерна в весе после доработки | R3: Производство молока во всех категориях хозяйств | U3: Производство скота и птицы на убой (в живом весе) во всех категориях хозяйств | X3: Численность занятых в сфере малого и среднего предпринимательства | AA3: Общая сумма весов влияния
C4: Отклонение от прогноза | D4: Вес влияния на результат | E4: + / - (5)=(2)*(4)/(27) | F4: Отклонение от прогноза | G4: Вес влияния на результат | H4: + / - (8)=(2)*(7)/(27) | I4: Отклонение от прогноза | J4: Вес влияния на результат | K4: + / - (11)=(2)*(10)/(27) | L4: Отклонение от прогноза | M4: Вес влияния на результат | N4: + / - (14)=(2)*(13)/(27) | O4: Отклонение от прогноза | P4: Вес влияния на результат | Q4: + / - (17)=(2)*(16)/(27) | R4: Отклонение от прогноза | S4: Вес влияния на результат | T4: + / - (20)=(2)*(19)/(27) | U4: Отклонение от прогноза | V4: Вес влияния на результат | W4: + / - (23)=(2)*(22)/(27) | X4: Отклонение от прогноза | Y4: Вес влияния на результат | Z4: + / - (26)=(2)*(25)/(27)
A5: 1 | B5: 2 | C5: 3 | D5: 4 | E5: 5 | F5: 6 | G5: 7 | H5: 8 | I5: 9 | J5: 10 | K5: 11 | L5: 12 | M5: 13 | N5: 14 | O5: 15 | P5: 16 | Q5: 17 | R5: 18 | S5: 19 | T5: 20 | U5: 21 | V5: 22 | W5: 23 | X5: 24 | Y5: 25 | Z5: 26 | AA5: 27
A6: Городские округа | B6: =SUM(B7:B16) -> -71952.7 | E6: =SUM(E7:E16) -> 0 | H6: =SUM(H7:H16) -> 833.91243 | K6: =SUM(K7:K16) -> 11836.335 | N6: =SUM(N7:N16) -> -114228.63 | Z6: =SUM(Z7:Z16) -> 29605.683
A7: Самара | B7: ='Расчет дотаций'!AI10 -> -13754.1 | C7: ='Расчет дотаций'!B10-1 -> 0 | D7: =C7*'Расчет дотаций'!C10 -> 0 | E7: =$B7*D7/$AA7 -> 0 | F7: ='Расчет дотаций'!F10-1 -> -0.022378509 | G7: =F7*'Расчет дотаций'!G10 -> -0.33567763 | H7: =$B7*G7/$AA7 -> -2028.6873 | I7: ='Расчет дотаций'!J10-1 -> 0.0875 | J7: =I7*'Расчет дотаций'!K10 -> 1.75 | K7: =$B7*J7/$AA7 -> 10576.227 | L7: ='Расчет дотаций'!N10-1 -> -0.25372059 | M7: =L7*'Расчет дотаций'!O10 -> -3.8058089 | N7: =$B7*M7/$AA7 -> -23000.627 | O7: Х | P7: Х | Q7: Х | R7: Х | S7: Х | T7: Х | U7: Х | V7: Х | W7: Х | X7: ='Расчет дотаций'!AD10-1 -> 0.006803427 | Y7: =X7*'Расчет дотаций'!AE10 -> 0.11565826 | Z7: =$B7*Y7/$AA7 -> 698.9874 | AA7: =D7+G7+J7+M7+Y7 -> -2.2758282
A8: Тольятти | B8: ='Расчет дотаций'!AI11 -> -53733.7 | C8: ='Расчет дотаций'!B11-1 -> 0 | D8: =C8*'Расчет дотаций'!C11 -> 0 | E8: =$B8*D8/$AA8 -> 0 | F8: ='Расчет дотаций'!F11-1 -> -0.0015011179 | G8: =F8*'Расчет дотаций'!G11 -> -0.022516768 | H8: =$B8*G8/$AA8 -> -205.30312 | I8: ='Расчет дотаций'!J11-1 -> 0 | J8: =I8*'Расчет дотаций'!K11 -> 0 | K8: =$B8*J8/$AA8 -> 0 | L8: ='Расчет дотаций'!N11-1 -> -0.47450374 | M8: =L8*'Расчет дотаций'!O11 -> -7.1175562 | N8: =$B8*M8/$AA8 -> -64896.367 | O8: Х | P8: Х | Q8: Х | R8: Х | S8: Х | T8: Х | U8: Х | V8: Х | W8: Х | X8: ='Расчет дотаций'!AD11-1 -> 0.07334061 | Y8: =X8*'Расчет дотаций'!AE11 -> 1.2467904 | Z8: =$B8*Y8/$AA8 -> 11367.97 | AA8: =D8+G8+J8+M8+Y8 -> -5.8932825
A9: Сызрань | B9: ='Расчет дотаций'!AI12 -> -8113.9 | C9: ='Расчет дотаций'!B12-1 -> 0 | D9: =C9*'Расчет дотаций'!C12 -> 0 | E9: =$B9*D9/$AA9 -> 0 | F9: ='Расчет дотаций'!F12-1 -> 0.012285469 | G9: =F9*'Расчет дотаций'!G12 -> 0.18428203 | H9: =$B9*G9/$AA9 -> 448.34113 | I9: ='Расчет дотаций'!J12-1 -> -0.031578947 | J9: =I9*'Расчет дотаций'!K12 -> -0.63157895 | K9: =$B9*J9/$AA9 -> -1536.5731 | L9: ='Расчет дотаций'!N12-1 -> -0.28011236 | M9: =L9*'Расчет дотаций'!O12 -> -4.2016854 | N9: =$B9*M9/$AA9 -> -10222.312 | O9: Х | P9: Х | Q9: Х | R9: Х | S9: Х | T9: Х | U9: Х | V9: Х | W9: Х | X9: ='Расчет дотаций'!AD12-1 -> 0.077289361 | Y9: =X9*'Расчет дотаций'!AE12 -> 1.3139191 | Z9: =$B9*Y9/$AA9 -> 3196.6436 | AA9: =D9+G9+J9+M9+Y9 -> -3.3350632
A10: Новокуйбышевск | B10: ='Расчет дотаций'!AI13 -> -5293.3 | C10: ='Расчет дотаций'!B13-1 -> 0 | D10: =C10*'Расчет дотаций'!C13 -> 0 | E10: =$B10*D10/$AA10 -> 0 | F10: ='Расчет дотаций'!F13-1 -> 0.00071962016 | G10: =F10*'Расчет дотаций'!G13 -> 0.010794302 | H10: =$B10*G10/$AA10 -> 13.95627 | I10: ='Расчет дотаций'!J13-1 -> 0 | J10: =I10*'Расчет дотаций'!K13 -> 0 | K10: =$B10*J10/$AA10 -> 0 | L10: ='Расчет дотаций'!N13-1 -> -0.33677459 | M10: =L10*'Расчет дотаций'!O13 -> -5.0516189 | N10: =$B10*M10/$AA10 -> -6531.3862 | O10: Х | P10: Х | Q10: Х | R10: Х | S10: Х | T10: Х | U10: Х | V10: Х | W10: Х | X10: ='Расчет дотаций'!AD13-1 -> 0.055693411 | Y10: =X10*'Расчет дотаций'!AE13 -> 0.94678798 | Z10: =$B10*Y10/$AA10 -> 1224.1299 | AA10: =D10+G10+J10+M10+Y10 -> -4.0940366
A11: Чапаевск | B11: ='Расчет дотаций'!AI14 -> 8452.7 | C11: ='Расчет дотаций'!B14-1 -> 0 | D11: =C11*'Расчет дотаций'!C14 -> 0 | E11: =$B11*D11/$AA11 -> 0 | F11: ='Расчет дотаций'!F14-1 -> 0.072105591 | G11: =F11*'Расчет дотаций'!G14 -> 1.0815839 | H11: =$B11*G11/$AA11 -> 1163.0627 | I11: ='Расчет дотаций'!J14-1 -> -0.024691358 | J11: =I11*'Расчет дотаций'!K14 -> -0.49382716 | K11: =$B11*J11/$AA11 -> -531.0286 | L11: ='Расчет дотаций'!N14-1 -> 0.24881574 | M11: =L11*'Расчет дотаций'!O14 -> 3.7322362 | N11: =$B11*M11/$AA11 -> 4013.3964 | O11: Х | P11: Х | Q11: Х | R11: Х | S11: Х | T11: Х | U11: Х | V11: Х | W11: Х | X11: ='Расчет дотаций'!AD14-1 -> 0.20826762 | Y11: =X11*'Расчет дотаций'!AE14 -> 3.5405495 | Z11: =$B11*Y11/$AA11 -> 3807.2694 | AA11: =D11+G11+J11+M11+Y11 -> 7.8605424
A12: Отрадный | B12: ='Расчет дотаций'!AI15 -> -416.9 | C12: ='Расчет дотаций'!B15-1 -> 0 | D12: =C12*'Расчет дотаций'!C15 -> 0 | E12: =$B12*D12/$AA12 -> 0 | F12: ='Расчет дотаций'!F15-1 -> 0.0074326904 | G12: =F12*'Расчет дотаций'!G15 -> 0.11149036 | H12: =$B12*G12/$AA12 -> 71.132655 | I12: ='Расчет дотаций'!J15-1 -> 0.125 | J12: =I12*'Расчет дотаций'!K15 -> 2.5 | K12: =$B12*J12/$AA12 -> 1595.0405 | L12: ='Расчет дотаций'!N15-1 -> -0.2398371 | M12: =L12*'Расчет дотаций'!O15 -> -3.5975565 | N12: =$B12*M12/$AA12 -> -2295.2994 | O12: Х | P12: Х | Q12: Х | R12: Х | S12: Х | T12: Х | U12: Х | V12: Х | W12: Х | X12: ='Расчет дотаций'!AD15-1 -> 0.019566737 | Y12: =X12*'Расчет дотаций'!AE15 -> 0.33263452 | Z12: =$B12*Y12/$AA12 -> 212.22622 | AA12: =D12+G12+J12+M12+Y12 -> -0.65343166
A13: Жигулевск | B13: ='Расчет дотаций'!AI16 -> -1378.9 | C13: ='Расчет дотаций'!B16-1 -> 0 | D13: =C13*'Расчет дотаций'!C16 -> 0 | E13: =$B13*D13/$AA13 -> 0 | F13: ='Расчет дотаций'!F16-1 -> 0.009822135 | G13: =F13*'Расчет дотаций'!G16 -> 0.14733202 | H13: =$B13*G13/$AA13 -> 167.99696 | I13: ='Расчет дотаций'!J16-1 -> -0.057894737 | J13: =I13*'Расчет дотаций'!K16 -> -1.1578947 | K13: =$B13*J13/$AA13 -> -1320.3022 | L13: ='Расчет дотаций'!N16-1 -> -0.24255814 | M13: =L13*'Расчет дотаций'!O16 -> -3.6383721 | N13: =$B13*M13/$AA13 -> -4148.6939 | O13: Х | P13: Х | Q13: Х | R13: Х | S13: Х | T13: Х | U13: Х | V13: Х | W13: Х | X13: ='Расчет дотаций'!AD16-1 -> 0.20233237 | Y13: =X13*'Расчет дотаций'!AE16 -> 3.4396503 | Z13: =$B13*Y13/$AA13 -> 3922.0991 | AA13: =D13+G13+J13+M13+Y13 -> -1.2092845
A14: Октябрьск | B14: ='Расчет дотаций'!AI17 -> 996.3 | C14: ='Расчет дотаций'!B17-1 -> 0 | D14: =C14*'Расчет дотаций'!C17 -> 0 | E14: =$B14*D14/$AA14 -> 0 | F14: ='Расчет дотаций'!F17-1 -> 0.043915621 | G14: =F14*'Расчет дотаций'!G17 -> 0.65873431 | H14: =$B14*G14/$AA14 -> 497.42209 | I14: ='Расчет дотаций'!J17-1 -> -0.042105263 | J14: =I14*'Расчет дотаций'!K17 -> -0.84210526 | K14: =$B14*J14/$AA14 -> -635.88878 | L14: ='Расчет дотаций'!N17-1 -> -0.14740054 | M14: =L14*'Расчет дотаций'!O17 -> -2.2110081 | N14: =$B14*M14/$AA14 -> -1669.5718 | O14: Х | P14: Х | Q14: Х | R14: Х | S14: Х | T14: Х | U14: Х | V14: Х | W14: Х | X14: ='Расчет дотаций'!AD17-1 -> 0.21845739 | Y14: =X14*'Расчет дотаций'!AE17 -> 3.7137756 | Z14: =$B14*Y14/$AA14 -> 2804.3385 | AA14: =D14+G14+J14+M14+Y14 -> 1.3193966
A15: Кинель | B15: ='Расчет дотаций'!AI18 -> 2824.8 | C15: ='Расчет дотаций'!B18-1 -> 0 | D15: =C15*'Расчет дотаций'!C18 -> 0 | E15: =$B15*D15/$AA15 -> 0 | F15: ='Расчет дотаций'!F18-1 -> 0.036072183 | G15: =F15*'Расчет дотаций'!G18 -> 0.54108275 | H15: =$B15*G15/$AA15 -> 543.76817 | I15: ='Расчет дотаций'!J18-1 -> 0.1 | J15: =I15*'Расчет дотаций'!K18 -> 2 | K15: =$B15*J15/$AA15 -> 2009.9261 | L15: ='Расчет дотаций'!N18-1 -> -0.06732788 | M15: =L15*'Расчет дотаций'!O18 -> -1.0099182 | N15: =$B15*M15/$AA15 -> -1014.9305 | O15: Х | P15: Х | Q15: Х | R15: Х | S15: Х | T15: Х | U15: Х | V15: Х | W15: Х | X15: ='Расчет дотаций'!AD18-1 -> 0.075275591 | Y15: =X15*'Расчет дотаций'!AE18 -> 1.279685 | Z15: =$B15*Y15/$AA15 -> 1286.0362 | AA15: =D15+G15+J15+M15+Y15 -> 2.8108496
A16: Похвистнево | B16: ='Расчет дотаций'!AI19 -> -1535.7 | C16: ='Расчет дотаций'!B19-1 -> 0 | D16: =C16*'Расчет дотаций'!C19 -> 0 | E16: =$B16*D16/$AA16 -> 0 | F16: ='Расчет дотаций'!F19-1 -> 0.015862189 | G16: =F16*'Расчет дотаций'!G19 -> 0.23793283 | H16: =$B16*G16/$AA16 -> 162.22281 | I16: ='Расчет дотаций'!J19-1 -> 0.123125 | J16: =I16*'Расчет дотаций'!K19 -> 2.4625 | K16: =$B16*J16/$AA16 -> 1678.9346 | L16: ='Расчет дотаций'!N19-1 -> -0.43637763 | M16: =L16*'Расчет дотаций'!O19 -> -6.5456644 | N16: =$B16*M16/$AA16 -> -4462.8396 | O16: Х | P16: Х | Q16: Х | R16: Х | S16: Х | T16: Х | U16: Х | V16: Х | W16: Х | X16: ='Расчет дотаций'!AD19-1 -> 0.093694963 | Y16: =X16*'Расчет дотаций'!AE19 -> 1.5928144 | Z16: =$B16*Y16/$AA16 -> 1085.9822 | AA16: =D16+G16+J16+M16+Y16 -> -2.2524172
A17: Муниципальные районы | B17: =SUM(B18:B44) -> 45860.4 | E17: =SUM(E18:E44) -> 0 | H17: =SUM(H18:H44) -> 18580.614 | K17: =SUM(K18:K44) -> 10729.186 | N17: =SUM(N18:N44) -> -26635.692 | Q17: =SUM(Q18:Q44) -> 20382.504 | T17: =SUM(T18:T44) -> -1276.2981 | W17: =SUM(W18:W44) -> -12182.921 | Z17: =SUM(Z18:Z44) -> 36263.007
A18: Алексеевский | B18: ='Расчет дотаций'!AI21 -> -892.1 | C18: ='Расчет дотаций'!B21-1 -> 0 | D18: =C18*'Расчет дотаций'!C21 -> 0 | E18: =$B18*D18/$AA18 -> 0 | F18: ='Расчет дотаций'!F21-1 -> 0.11465476 | G18: =F18*'Расчет дотаций'!G21 -> 1.1465476 | H18: =$B18*G18/$AA18 -> 416.53338 | I18: ='Расчет дотаций'!J21-1 -> -0.038947368 | J18: =I18*'Расчет дотаций'!K21 -> -0.58421053 | K18: =$B18*J18/$AA18 -> -212.23993 | L18: ='Расчет дотаций'!N21-1 -> -0.74718954 | M18: =L18*'Расчет дотаций'!O21 -> -3.7359477 | N18: =$B18*M18/$AA18 -> -1357.2458 | O18: ='Расчет дотаций'!R21-1 -> 0.21682171 | P18: =O18*'Расчет дотаций'!S21 -> 2.1682171 | Q18: =$B18*P18/$AA18 -> 787.69931 | R18: ='Расчет дотаций'!V21-1 -> -0.012093393 | S18: =R18*'Расчет дотаций'!W21 -> -0.12093393 | T18: =$B18*S18/$AA18 -> -43.93452 | U18: ='Расчет дотаций'!Z21-1 -> -0.3764613 | V18: =U18*'Расчет дотаций'!AA21 -> -3.764613 | W18: =$B18*V18/$AA18 -> -1367.6597 | X18: ='Расчет дотаций'!AD21-1 -> 0.20294589 | Y18: =X18*'Расчет дотаций'!AE21 -> 2.4353507 | Z18: =$B18*Y18/$AA18 -> 884.74725 | AA18: =D18+G18+J18+M18+P18+S18+V18+Y18 -> -2.4555898
A19: Безенчукский | B19: ='Расчет дотаций'!AI22 -> 2455.1 | C19: ='Расчет дотаций'!B22-1 -> 0 | D19: =C19*'Расчет дотаций'!C22 -> 0 | E19: =$B19*D19/$AA19 -> 0 | F19: ='Расчет дотаций'!F22-1 -> 0.076459821 | G19: =F19*'Расчет дотаций'!G22 -> 0.76459821 | H19: =$B19*G19/$AA19 -> 497.84131 | I19: ='Расчет дотаций'!J22-1 -> 0.026315789 | J19: =I19*'Расчет дотаций'!K22 -> 0.39473684 | K19: =$B19*J19/$AA19 -> 257.01905 | L19: ='Расчет дотаций'!N22-1 -> -0.29229127 | M19: =L19*'Расчет дотаций'!O22 -> -1.4614564 | N19: =$B19*M19/$AA19 -> -951.57606 | O19: ='Расчет дотаций'!R22-1 -> 0.17842324 | P19: =O19*'Расчет дотаций'!S22 -> 1.7842324 | Q19: =$B19*P19/$AA19 -> 1161.7403 | R19: ='Расчет дотаций'!V22-1 -> 0.0012019231 | S19: =R19*'Расчет дотаций'!W22 -> 0.012019231 | T19: =$B19*S19/$AA19 -> 7.8259007 | U19: ='Расчет дотаций'!Z22-1 -> -0.014149205 | V19: =U19*'Расчет дотаций'!AA22 -> -0.14149205 | W19: =$B19*V19/$AA19 -> -92.127586 | X19: ='Расчет дотаций'!AD22-1 -> 0.20149758 | Y19: =X19*'Расчет дотаций'!AE22 -> 2.417971 | Z19: =$B19*Y19/$AA19 -> 1574.377 | AA19: =D19+G19+J19+M19+P19+S19+V19+Y19 -> 3.7706093
A20: Богатовский | B20: ='Расчет дотаций'!AI23 -> 2445.6 | C20: ='Расчет дотаций'!B23-1 -> 0 | D20: =C20*'Расчет дотаций'!C23 -> 0 | E20: =$B20*D20/$AA20 -> 0 | F20: ='Расчет дотаций'!F23-1 -> 0.13271705 | G20: =F20*'Расчет дотаций'!G23 -> 1.3271705 | H20: =$B20*G20/$AA20 -> 601.59188 | I20: ='Расчет дотаций'!J23-1 -> 0.1625 | J20: =I20*'Расчет дотаций'!K23 -> 2.4375 | K20: =$B20*J20/$AA20 -> 1104.8921 | L20: ='Расчет дотаций'!N23-1 -> -0.53074304 | M20: =L20*'Расчет дотаций'!O23 -> -2.6537152 | N20: =$B20*M20/$AA20 -> -1202.9001 | O20: ='Расчет дотаций'!R23-1 -> -0.013618677 | P20: =O20*'Расчет дотаций'!S23 -> -0.13618677 | Q20: =$B20*P20/$AA20 -> -61.731975 | R20: ='Расчет дотаций'!V23-1 -> 0.20037869 | S20: =R20*'Расчет дотаций'!W23 -> 2.0037869 | T20: =$B20*S20/$AA20 -> 908.29473 | U20: ='Расчет дотаций'!Z23-1 -> -0.0020737291 | V20: =U20*'Расчет дотаций'!AA23 -> -0.020737291 | W20: =$B20*V20/$AA20 -> -9.3999875 | X20: ='Расчет дотаций'!AD23-1 -> 0.20311787 | Y20: =X20*'Расчет дотаций'!AE23 -> 2.4374144 | Z20: =$B20*Y20/$AA20 -> 1104.8533 | AA20: =D20+G20+J20+M20+P20+S20+V20+Y20 -> 5.3952326
A21: Большеглушицкий | B21: ='Расчет дотаций'!AI24 -> 90.8 | C21: ='Расчет дотаций'!B24-1 -> 0 | D21: =C21*'Расчет дотаций'!C24 -> 0 | E21: =$B21*D21/$AA21 -> 0 | F21: ='Расчет дотаций'!F24-1 -> 0.15638837 | G21: =F21*'Расчет дотаций'!G24 -> 1.5638837 | H21: =$B21*G21/$AA21 -> 814.69323 | I21: ='Расчет дотаций'!J24-1 -> 0.041052632 | J21: =I21*'Расчет дотаций'!K24 -> 0.61578947 | K21: =$B21*J21/$AA21 -> 320.79081 | L21: ='Расчет дотаций'!N24-1 -> -0.17253409 | M21: =L21*'Расчет дотаций'!O24 -> -0.86267047 | N21: =$B21*M21/$AA21 -> -449.40158 | O21: ='Расчет дотаций'!R24-1 -> 0.069686411 | P21: =O21*'Расчет дотаций'!S24 -> 0.69686411 | Q21: =$B21*P21/$AA21 -> 363.02603 | R21: ='Расчет дотаций'!V24-1 -> -0.36516369 | S21: =R21*'Расчет дотаций'!W24 -> -3.6516369 | T21: =$B21*S21/$AA21 -> -1902.2923 | U21: ='Расчет дотаций'!Z24-1 -> 0.003510437 | V21: =U21*'Расчет дотаций'!AA24 -> 0.03510437 | W21: =$B21*V21/$AA21 -> 18.287353 | X21: ='Расчет дотаций'!AD24-1 -> 0.14808044 | Y21: =X21*'Расчет дотаций'!AE24 -> 1.7769653 | Z21: =$B21*Y21/$AA21 -> 925.69646 | AA21: =D21+G21+J21+M21+P21+S21+V21+Y21 -> 0.17429952
A22: Большечерниговский | B22: ='Расчет дотаций'!AI25 -> 1604.7 | C22: ='Расчет дотаций'!B25-1 -> 0 | D22: =C22*'Расчет дотаций'!C25 -> 0 | E22: =$B22*D22/$AA22 -> 0 | F22: ='Расчет дотаций'!F25-1 -> 0.17774367 | G22: =F22*'Расчет дотаций'!G25 -> 1.7774367 | H22: =$B22*G22/$AA22 -> 1120.1105 | I22: ='Расчет дотаций'!J25-1 -> -0.057142857 | J22: =I22*'Расчет дотаций'!K25 -> -0.85714286 | K22: =$B22*J22/$AA22 -> -540.1569 | L22: ='Расчет дотаций'!N25-1 -> -0.26788432 | M22: =L22*'Расчет дотаций'!O25 -> -1.3394216 | N22: =$B22*M22/$AA22 -> -844.0808 | O22: ='Расчет дотаций'!R25-1 -> 0.22292279 | P22: =O22*'Расчет дотаций'!S25 -> 2.2292279 | Q22: =$B22*P22/$AA22 -> 1404.8217 | R22: ='Расчет дотаций'!V25-1 -> 3.1662904e-06 | S22: =R22*'Расчет дотаций'!W25 -> 3.1662904e-05 | T22: =$B22*S22/$AA22 -> 0.019953426 | U22: ='Расчет дотаций'!Z25-1 -> 0.0014858037 | V22: =U22*'Расчет дотаций'!AA25 -> 0.014858037 | W22: =$B22*V22/$AA22 -> 9.3632834 | X22: ='Расчет дотаций'!AD25-1 -> 0.060117756 | Y22: =X22*'Расчет дотаций'!AE25 -> 0.72141308 | Z22: =$B22*Y22/$AA22 -> 454.6223 | AA22: =D22+G22+J22+M22+P22+S22+V22+Y22 -> 2.546403
A23: Борский | B23: ='Расчет дотаций'!AI26 -> 2129.7 | C23: ='Расчет дотаций'!B26-1 -> 0 | D23: =C23*'Расчет дотаций'!C26 -> 0 | E23: =$B23*D23/$AA23 -> 0 | F23: ='Расчет дотаций'!F26-1 -> 0.12604406 | G23: =F23*'Расчет дотаций'!G26 -> 1.2604406 | H23: =$B23*G23/$AA23 -> 758.96723 | I23: ='Расчет дотаций'!J26-1 -> 0.010526316 | J23: =I23*'Расчет дотаций'!K26 -> 0.15789474 | K23: =$B23*J23/$AA23 -> 95.075431 | L23: ='Расчет дотаций'!N26-1 -> -0.54736772 | M23: =L23*'Расчет дотаций'!O26 -> -2.7368386 | N23: =$B23*M23/$AA23 -> -1647.972 | O23: ='Расчет дотаций'!R26-1 -> 0.21198887 | P23: =O23*'Расчет дотаций'!S26 -> 2.1198887 | Q23: =$B23*P23/$AA23 -> 1276.4791 | R23: ='Расчет дотаций'!V26-1 -> 0.014967981 | S23: =R23*'Расчет дотаций'!W26 -> 0.14967981 | T23: =$B23*S23/$AA23 -> 90.128858 | U23: ='Расчет дотаций'!Z26-1 -> 0.017102651 | V23: =U23*'Расчет дотаций'!AA26 -> 0.17102651 | W23: =$B23*V23/$AA23 -> 102.98265 | X23: ='Расчет дотаций'!AD26-1 -> 0.20123062 | Y23: =X23*'Расчет дотаций'!AE26 -> 2.4147675 | Z23: =$B23*Y23/$AA23 -> 1454.0387 | AA23: =D23+G23+J23+M23+P23+S23+V23+Y23 -> 3.5368593
A24: Волжский | B24: ='Расчет дотаций'!AI27 -> 10118.9 | C24: ='Расчет дотаций'!B27-1 -> 0 | D24: =C24*'Расчет дотаций'!C27 -> 0 | E24: =$B24*D24/$AA24 -> 0 | F24: ='Расчет дотаций'!F27-1 -> 0.14636371 | G24: =F24*'Расчет дотаций'!G27 -> 1.4636371 | H24: =$B24*G24/$AA24 -> 2150.202 | I24: ='Расчет дотаций'!J27-1 -> 0.06875 | J24: =I24*'Расчет дотаций'!K27 -> 1.03125 | K24: =$B24*J24/$AA24 -> 1514.9901 | L24: ='Расчет дотаций'!N27-1 -> 0.23068032 | M24: =L24*'Расчет дотаций'!O27 -> 1.1534016 | N24: =$B24*M24/$AA24 -> 1694.4407 | O24: ='Расчет дотаций'!R27-1 -> 0.0747782 | P24: =O24*'Расчет дотаций'!S27 -> 0.747782 | Q24: =$B24*P24/$AA24 -> 1098.5526 | R24: ='Расчет дотаций'!V27-1 -> -0.010151411 | S24: =R24*'Расчет дотаций'!W27 -> -0.10151411 | T24: =$B24*S24/$AA24 -> -149.13248 | U24: ='Расчет дотаций'!Z27-1 -> 0.01548168 | V24: =U24*'Расчет дотаций'!AA27 -> 0.1548168 | W24: =$B24*V24/$AA24 -> 227.43847 | X24: ='Расчет дотаций'!AD27-1 -> 0.20321138 | Y24: =X24*'Расчет дотаций'!AE27 -> 2.4385366 | Z24: =$B24*Y24/$AA24 -> 3582.4086 | AA24: =D24+G24+J24+M24+P24+S24+V24+Y24 -> 6.88791
A25: Елховский | B25: ='Расчет дотаций'!AI28 -> 1819 | C25: ='Расчет дотаций'!B28-1 -> 0 | D25: =C25*'Расчет дотаций'!C28 -> 0 | E25: =$B25*D25/$AA25 -> 0 | F25: ='Расчет дотаций'!F28-1 -> 0.2022132 | G25: =F25*'Расчет дотаций'!G28 -> 2.022132 | H25: =$B25*G25/$AA25 -> 541.39115 | I25: ='Расчет дотаций'!J28-1 -> 0.040229885 | J25: =I25*'Расчет дотаций'!K28 -> 0.60344828 | K25: =$B25*J25/$AA25 -> 161.56292 | L25: ='Расчет дотаций'!N28-1 -> -0.28509197 | M25: =L25*'Расчет дотаций'!O28 -> -1.4254598 | N25: =$B25*M25/$AA25 -> -381.64241 | O25: ='Расчет дотаций'!R28-1 -> 0.21402675 | P25: =O25*'Расчет дотаций'!S28 -> 2.1402675 | Q25: =$B25*P25/$AA25 -> 573.01989 | R25: ='Расчет дотаций'!V28-1 -> 0.13770133 | S25: =R25*'Расчет дотаций'!W28 -> 1.3770133 | T25: =$B25*S25/$AA25 -> 368.67169 | U25: ='Расчет дотаций'!Z28-1 -> -0.068013204 | V25: =U25*'Расчет дотаций'!AA28 -> -0.68013204 | W25: =$B25*V25/$AA25 -> -182.09368 | X25: ='Расчет дотаций'!AD28-1 -> 0.22973475 | Y25: =X25*'Расчет дотаций'!AE28 -> 2.756817 | Z25: =$B25*Y25/$AA25 -> 738.09044 | AA25: =D25+G25+J25+M25+P25+S25+V25+Y25 -> 6.7940862
A26: Исаклинский | B26: ='Расчет дотаций'!AI29 -> 1033.6 | C26: ='Расчет дотаций'!B29-1 -> 0 | D26: =C26*'Расчет дотаций'!C29 -> 0 | E26: =$B26*D26/$AA26 -> 0 | F26: ='Расчет дотаций'!F29-1 -> 0.142228 | G26: =F26*'Расчет дотаций'!G29 -> 1.42228 | H26: =$B26*G26/$AA26 -> 798.83579 | I26: ='Расчет дотаций'!J29-1 -> 0.024736842 | J26: =I26*'Расчет дотаций'!K29 -> 0.37105263 | K26: =$B26*J26/$AA26 -> 208.40489 | L26: ='Расчет дотаций'!N29-1 -> -0.75671473 | M26: =L26*'Расчет дотаций'!O29 -> -3.7835736 | N26: =$B26*M26/$AA26 -> -2125.0766 | O26: ='Расчет дотаций'!R29-1 -> 0.15280464 | P26: =O26*'Расчет дотаций'!S29 -> 1.5280464 | Q26: =$B26*P26/$AA26 -> 858.24038 | R26: ='Расчет дотаций'!V29-1 -> 0.00067081024 | S26: =R26*'Расчет дотаций'!W29 -> 0.0067081024 | T26: =$B26*S26/$AA26 -> 3.7676633 | U26: ='Расчет дотаций'!Z29-1 -> -0.014157964 | V26: =U26*'Расчет дотаций'!AA29 -> -0.14157964 | W26: =$B26*V26/$AA26 -> -79.519417 | X26: ='Расчет дотаций'!AD29-1 -> 0.20311083 | Y26: =X26*'Расчет дотаций'!AE29 -> 2.43733 | Z26: =$B26*Y26/$AA26 -> 1368.9473 | AA26: =D26+G26+J26+M26+P26+S26+V26+Y26 -> 1.8402639
A27: Камышлинский | B27: ='Расчет дотаций'!AI30 -> 989.6 | C27: ='Расчет дотаций'!B30-1 -> 0 | D27: =C27*'Расчет дотаций'!C30 -> 0 | E27: =$B27*D27/$AA27 -> 0 | F27: ='Расчет дотаций'!F30-1 -> 0.20060862 | G27: =F27*'Расчет дотаций'!G30 -> 2.0060862 | H27: =$B27*G27/$AA27 -> 877.45342 | I27: ='Расчет дотаций'!J30-1 -> 0.04375 | J27: =I27*'Расчет дотаций'!K30 -> 0.65625 | K27: =$B27*J27/$AA27 -> 287.0409 | L27: ='Расчет дотаций'!N30-1 -> -0.41594576 | M27: =L27*'Расчет дотаций'!O30 -> -2.0797288 | N27: =$B27*M27/$AA27 -> -909.66435 | O27: ='Расчет дотаций'!R30-1 -> 0.15185185 | P27: =O27*'Расчет дотаций'!S30 -> 1.5185185 | Q27: =$B27*P27/$AA27 -> 664.19342 | R27: ='Расчет дотаций'!V30-1 -> -0.012767353 | S27: =R27*'Расчет дотаций'!W30 -> -0.12767353 | T27: =$B27*S27/$AA27 -> -55.843849 | U27: ='Расчет дотаций'!Z30-1 -> -0.2395001 | V27: =U27*'Расчет дотаций'!AA30 -> -2.395001 | W27: =$B27*V27/$AA27 -> -1047.5631 | X27: ='Расчет дотаций'!AD30-1 -> 0.22366925 | Y27: =X27*'Расчет дотаций'!AE30 -> 2.684031 | Z27: =$B27*Y27/$AA27 -> 1173.9835 | AA27: =D27+G27+J27+M27+P27+S27+V27+Y27 -> 2.2624824
A28: Кинельский | B28: ='Расчет дотаций'!AI31 -> 4981.5 | C28: ='Расчет дотаций'!B31-1 -> 0 | D28: =C28*'Расчет дотаций'!C31 -> 0 | E28: =$B28*D28/$AA28 -> 0 | F28: ='Расчет дотаций'!F31-1 -> 0.18119253 | G28: =F28*'Расчет дотаций'!G31 -> 1.8119253 | H28: =$B28*G28/$AA28 -> 783.60998 | I28: ='Расчет дотаций'!J31-1 -> 0.203125 | J28: =I28*'Расчет дотаций'!K31 -> 3.046875 | K28: =$B28*J28/$AA28 -> 1317.6932 | L28: ='Расчет дотаций'!N31-1 -> -0.12810514 | M28: =L28*'Расчет дотаций'!O31 -> -0.64052571 | N28: =$B28*M28/$AA28 -> -277.01049 | O28: ='Расчет дотаций'!R31-1 -> 0.2094898 | P28: =O28*'Расчет дотаций'!S31 -> 2.094898 | Q28: =$B28*P28/$AA28 -> 905.98818 | R28: ='Расчет дотаций'!V31-1 -> 0.15088985 | S28: =R28*'Расчет дотаций'!W31 -> 1.5088985 | T28: =$B28*S28/$AA28 -> 652.55886 | U28: ='Расчет дотаций'!Z31-1 -> 0.22243789 | V28: =U28*'Расчет дотаций'!AA31 -> 2.2243789 | W28: =$B28*V28/$AA28 -> 961.98526 | X28: ='Расчет дотаций'!AD31-1 -> 0.12268089 | Y28: =X28*'Расчет дотаций'!AE31 -> 1.4721707 | Z28: =$B28*Y28/$AA28 -> 636.67504 | AA28: =D28+G28+J28+M28+P28+S28+V28+Y28 -> 11.518621
A29: Кинель-Черкасский | B29: ='Расчет дотаций'!AI32 -> 4061 | C29: ='Расчет дотаций'!B32-1 -> 0 | D29: =C29*'Расчет дотаций'!C32 -> 0 | E29: =$B29*D29/$AA29 -> 0 | F29: ='Расчет дотаций'!F32-1 -> 0.10130921 | G29: =F29*'Расчет дотаций'!G32 -> 1.0130921 | H29: =$B29*G29/$AA29 -> 895.47589 | I29: ='Расчет дотаций'!J32-1 -> 0.010526316 | J29: =I29*'Расчет дотаций'!K32 -> 0.15789474 | K29: =$B29*J29/$AA29 -> 139.56375 | L29: ='Расчет дотаций'!N32-1 -> -0.51028982 | M29: =L29*'Расчет дотаций'!O32 -> -2.5514491 | N29: =$B29*M29/$AA29 -> -2255.2354 | O29: ='Расчет дотаций'!R32-1 -> 0.1432488 | P29: =O29*'Расчет дотаций'!S32 -> 1.432488 | Q29: =$B29*P29/$AA29 -> 1266.1815 | R29: ='Расчет дотаций'!V32-1 -> 0 | S29: =R29*'Расчет дотаций'!W32 -> 0 | T29: =$B29*S29/$AA29 -> 0 | U29: ='Расчет дотаций'!Z32-1 -> 0.21663347 | V29: =U29*'Расчет дотаций'!AA32 -> 2.1663347 | W29: =$B29*V29/$AA29 -> 1914.8313 | X29: ='Расчет дотаций'!AD32-1 -> 0.19800261 | Y29: =X29*'Расчет дотаций'!AE32 -> 2.3760313 | Z29: =$B29*Y29/$AA29 -> 2100.1829 | AA29: =D29+G29+J29+M29+P29+S29+V29+Y29 -> 4.5943917
... A44: Шигонский | B44: ='Расчет дотаций'!AI47 -> 462.6 | C44: ='Расчет дотаций'!B47-1 -> 0 | D44: =C44*'Расчет дотаций'!C47 -> 0 | E44: =$B44*D44/$AA44 -> 0 | F44: ='Расчет дотаций'!F47-1 -> 0.0039739684 | G44: =F44*'Расчет дотаций'!G47 -> 0.039739684 | H44: =$B44*G44/$AA44 -> 30.234931 | I44: ='Расчет дотаций'!J47-1 -> 0.11875 | J44: =I44*'Расчет дотаций'!K47 -> 1.78125 | K44: =$B44*J44/$AA44 -> 1355.2189 | L44: ='Расчет дотаций'!N47-1 -> -0.4691342 | M44: =L44*'Расчет дотаций'!O47 -> -2.345671 | N44: =$B44*M44/$AA44 -> -1784.6443 | O44: ='Расчет дотаций'!R47-1 -> 0.18276374 | P44: =O44*'Расчет дотаций'!S47 -> 1.8276374 | Q44: =$B44*P44/$AA44 -> 1390.5116 | R44: ='Расчет дотаций'!V47-1 -> -0.15828712 | S44: =R44*'Расчет дотаций'!W47 -> -1.5828712 | T44: =$B44*S44/$AA44 -> -1204.2874 | U44: ='Расчет дотаций'!Z47-1 -> -0.15634776 | V44: =U44*'Расчет дотаций'!AA47 -> -1.5634776 | W44: =$B44*V44/$AA44 -> -1189.5323 | X44: ='Расчет дотаций'!AD47-1 -> 0.20428476 | Y44: =X44*'Расчет дотаций'!AE47 -> 2.4514172 | Z44: =$B44*Y44/$AA44 -> 1865.0986 | AA44: =D44+G44+J44+M44+P44+S44+V44+Y44 -> 0.60802447
A45: ИТОГО | B45: =B6+B17 -> -26092.3 | E45: =E6+E17 -> 0 | H45: =H6+H17 -> 19414.527 | K45: =K6+K17 -> 22565.521 | N45: =N6+N17 -> -140864.32 | Q45: =Q6+Q17 -> 20382.504 | T45: =T6+T17 -> -1276.2981 | W45: =W6+W17 -> -12182.921 | Z45: =Z6+Z17 -> 65868.69
